Cogmind - Beta 11 X4 --- EXPLORER MODE // 2021.06.05 @ 07:00:32 Player: Luigi Panache Result: Destroyed by P-80 Master with Gamma Rifle Performance ------------- Evolutions (8) 4000 Regions Visited (34) 6800 Robots Destroyed (514) 2570 Value Destroyed (26804) 26804 Prototype IDs (82) 1640 Alien Tech Used (7) 1400 Bonus (11145) 11145 TOTAL SCORE: 54359 Bonus ------- High Alert Combat Kills 3769 Follower Combat Kills 1389 Network Hubs Disabled 400 Met Zhirov 300 Met Warlord at Base 500 MAIN.C Attacked Warlord 500 Built Enhanced Grunts 300 A7 Reached Mainframe 300 Found Hidden Lab 3000 Scanned by Researcher 500 Pursued by Intercept 1500 Friendly Fire -1313 Cogmind --------- Core Integrity 0/1450 Matter 700/700 Energy 770/770 System Corruption 45% Temperature Cool (0) Movement Treading (160) Location -2/Section 7 Parts ------- > --- POWER (3) -------- Micro Fission Core Vortex Chain Reactor > --- PROPULSION (6) --- High-density Centrium Heavy Treads High-density Centrium Heavy Treads High-density Centrium Heavy Treads > --- UTILITY (11) ----- Experimental Heat Sink Huge Storage Unit Advanced Matter Compressor Experimental Optical Array Long-range Sensor Array Advanced Targeting Computer > --- WEAPON (4) ------- Vibroblade > --- INVENTORY (25) --- Quantum Reactor Vortex Chain Reactor Armored Heavy Treads Advanced Heavy Siege Treads Improved Fusion Compressor Experimental Heat Sink Experimental Energy Well (600) Launcher Loader Layered Medium Armor Plating Improved Focal Shield Experimental Force Field Hacking Suite Transdimensional Reconstructor Subatomic Replicator Heavy Shock Bomb Launcher Heavy Shock Bomb Launcher Micro-nuke Launcher Centrium Greatsword Plasma Lance Plasma Lance Peak State ------------ > --- POWER ------------ Micro Fission Core Vortex Chain Reactor > --- PROPULSION ------- High-density Centrium Heavy Treads High-density Centrium Heavy Treads High-density Centrium Heavy Treads > --- UTILITY ---------- Experimental Heat Sink Huge Storage Unit Advanced Matter Compressor Experimental Optical Array Long-range Sensor Array Advanced Targeting Computer Nanoactuators Experimental Core Shielding Experimental Powered Armor Thermal Barrier Experimental Hacking Suite > --- WEAPON ----------- EMDS Enhanced Nova Cannon Vibroblade > --- INVENTORY -------- Quantum Reactor Vortex Chain Reactor Armored Heavy Treads Advanced Heavy Siege Treads Improved Fusion Compressor Experimental Heat Sink Experimental Energy Well Launcher Loader Experimental Force Field Transdimensional Reconstructor Subatomic Replicator Heavy Shock Bomb Launcher Micro-nuke Launcher Centrium Greatsword Plasma Lance Plasma Lance [Rating: 219] Favorites ----------- Power Micro Fission Core Engine Ion Engine Power Core Micro Fission Core Reactor Quantum Reactor Propulsion Light Treads Treads Light Treads Leg Enhanced Biometal Leg Utility Humpback Device Improved Weapon Cycler Storage Humpback Processor Advanced Signal Interpreter Hackware Improved Hacking Suite Protection Centrium Medium Armor Plating Artifact Phase Redirector Weapon Improved KE Penetrator Energy Gun Improved EM Shotgun Energy Cannon Enhanced Nova Cannon Ballistic Gun Improved KE Penetrator Ballistic Cannon Heavy Flak Cannon Launcher Hellfire Missile Launcher Slashing Weapon Vibroblade Piercing Weapon Heavy Pick Build | -11 -10 -10 -9 -9 -9 -8 -8 -8 -7 -7 -7 -7 -6 -6 -6 -6 -6 -6 -5 -5 -5 -5 -4 -4 -4 -4 -4 -3 -3 -3 -3 -2 -2 -2 ------- Run | Scr Mat Min Mat Min Exi Min Mat Sto Fac Low Low Zio Pro Fac Ext Cet Arc Hub Fac Upp Upp Zhi Pro Fac Upp Upp War Pro Res Arm Lab Res Qua Sec Slots Evolved 17 | . 1 . 2 . . . 2 . 2 . . . . 2 . . . . 2 . . . . 2 . . . . 2 . . 2 . . Power 2 | . . . . . . . . . . . . . . . . . . . 1 . . . . . . . . . 1 . . . . . Propulsion 4 | . . . 2 . . . 2 . . . . . . . . . . . . . . . . . . . . . . . . . . . Utility 9 | . 1 . . . . . . . 2 . . . . 2 . . . . 1 . . . . . . . . . 1 . . 2 . . Weapon 2 | . . . . . . . . . . . . . . . . . . . . . . . . 2 . . . . . . . . . . Parts Attached 346 | 2 6 . 5 1 3 . 3 9 3 1 3 . 3 17 28 10 18 13 27 2 6 3 11 37 1 . 1 2 45 32 9 3 36 6 Power 32 | . 1 . 1 . . . . . . 1 . . . . 3 . 3 . 4 . 1 2 . 3 . . . . 3 7 . . 3 . Engine 6 | . 1 . 1 . . . . . . 1 . . . . 1 . . . . . 1 1 . . . . . . . . . . . . Core 17 | . . . . . . . . . . . . . . . 2 . 1 . 4 . . . . 3 . . . . . 5 . . 2 . Reactor 9 | . . . . . . . . . . . . . . . . . 2 . . . . 1 . . . . . . 3 2 . . 1 . Propulsion 93 | 2 . . 2 . . . 2 4 1 . 3 . 1 2 14 4 6 7 6 . 1 . 3 7 . . . . 11 9 . . 8 . Treads 92 | 2 . . 2 . . . 2 4 1 . 3 . 1 2 14 4 6 6 6 . 1 . 3 7 . . . . 11 9 . . 8 . Leg 1 | . . . . . . . . . . . . . . . . . . 1 . . . . . . . . . . . . . . . . Wheel . | . . . . . . . . . . . . . . . . . . . . . . . . . . . . . . . . . . . Hover . | . . . . . . . . . . . . . . . . . . . . . . . . . . . . . . . . . . . Flight . | . . . . . . . . . . . . . . . . . . . . . . . . . . . . . . . . . . . Utility 119 | . 2 . . 1 3 . 1 1 2 . . . 1 6 5 5 4 4 13 . 2 1 6 15 1 . 1 1 11 10 6 2 10 5 Device 50 | . . . . . . . . . . . . . . 1 2 2 2 1 5 . 2 1 2 7 1 . 1 . 3 8 3 . 7 2 Storage 13 | . 1 . . . 2 . . . . . . . . 1 . 1 . . 1 . . . 1 2 . . . . 2 1 1 . . . Processor 7 | . . . . . . . . . . . . . . . 1 . . 1 1 . . . . 1 . . . . 2 . . . 1 . Hackware 14 | . . . . . . . . . 2 . . . . 3 . . . . 5 . . . . 2 . . . . . . . 2 . . Protection 33 | . 1 . . 1 1 . 1 1 . . . . 1 1 2 2 2 2 1 . . . 3 3 . . . 1 4 1 2 . . 3 Artifact 2 | . . . . . . . . . . . . . . . . . . . . . . . . . . . . . . . . . 2 . Weapon 102 | . 3 . 2 . . . . 4 . . . . 1 9 6 1 5 2 4 2 2 . 2 12 . . . 1 20 6 3 1 15 1 Energy Gun 6 | . . . 1 . . . . 2 . . . . . 1 . . . . . . . . . . . . . . . . 2 . . . Energy Cannon 32 | . . . . . . . . . . . . . 1 3 4 . 1 1 . . . . . 1 . . . 1 5 4 1 1 8 1 Ballistic Gun 35 | . 3 . 1 . . . . 1 . . . . . 5 2 1 4 1 3 1 1 . 1 3 . . . . 7 . . . 1 . Ballistic Cannon 9 | . . . . . . . . . . . . . . . . . . . . . 1 . . 4 . . . . 3 1 . . . . Launcher 14 | . . . . . . . . 1 . . . . . . . . . . 1 1 . . 1 4 . . . . 5 . . . 1 . Special Weapon . | . . . . . . . . . . . . . . . . . . . . . . . . . . . . . . . . . . . Impact Weapon . | . . . . . . . . . . . . . . . . . . . . . . . . . . . . . . . . . . . Slashing Weapon 4 | . . . . . . . . . . . . . . . . . . . . . . . . . . . . . . . . . 4 . Piercing Weapon 2 | . . . . . . . . . . . . . . . . . . . . . . . . . . . . . . 1 . . 1 . Special Melee Weapon . | . . . . . . . . . . . . . . . . . . . . . . . . . . . . . . . . . . . Unidentified Prototypes 48 | . . . 1 . . . . 1 . . . . . 1 . 2 1 3 1 . 1 1 1 6 . . . . 2 6 7 2 10 2 Corrupted Parts 15 | . . . . . . . . . . . . . . . 2 1 6 1 . . . . 1 . . . . . . . . . 4 . System Corruption 94 | . . . . . . . . . . . . . . . 5 11 50 10 . . . . 6 . . . . . . . . . 12 . Parts Lost 103 | . . . . . . . 1 1 . 1 . . 2 2 17 2 . 5 12 . 3 . 7 3 . . . 1 20 1 . . 18 7 Power 10 | . . . . . . . . . . 1 . . . . 2 . . . 2 . . . 1 . . . . . 3 . . . 1 . Propulsion 29 | . . . . . . . . 1 . . . . 1 2 7 2 . 2 4 . 1 . 2 . . . . . 4 . . . 3 . Utility 40 | . . . . . . . 1 . . . . . . . 5 . . 2 4 . 1 . 3 3 . . . 1 7 . . . 8 5 Weapon 24 | . . . . . . . . . . . . . 1 . 3 . . 1 2 . 1 . 1 . . . . . 6 1 . . 6 2 Highest Loss Streak 13 | . . . . . . . 1 1 . 1 . . 2 2 13 2 . 2 3 . 2 . 2 2 . . . 1 13 1 . . 8 6 Average Slot Usage (%) 84 | . 100 100 100 100 94 90 90 90 88 91 92 92 91 90 91 87 86 89 73 77 78 82 69 78 85 85 85 83 73 58 85 86 79 73 Engine 2 | . 12 12 10 10 10 10 8 8 7 6 7 7 7 6 3 . . . . . 2 5 . 1 . . . . . . . . . . Core 3 | . . . . . . . . . . . . . . . 2 6 1 . 4 5 5 5 5 7 10 10 10 10 8 8 4 4 7 4 Reactor 2 | . . . . . . . . . . . . . . . . . 4 6 . . . . . . . . . . 3 3 9 8 3 4 Treads 27 | . 25 25 40 40 40 40 50 49 42 42 42 42 41 36 36 31 31 34 19 22 20 22 18 14 15 15 15 15 12 12 13 12 11 12 Device 10 | . . . . . . . . . . . . . . . 3 9 16 15 12 11 11 10 5 14 15 15 15 14 7 9 22 16 15 15 Storage 6 | . 12 12 10 10 14 10 8 8 7 7 7 7 7 6 6 6 6 6 5 5 5 5 5 5 5 5 5 5 6 4 6 8 8 8 Processor 2 | . . . . . . . . . . . . . . . 2 1 . 1 7 5 5 5 5 7 5 5 5 5 6 4 4 4 5 8 Hackware 9 | . . . . . . . . . 10 14 14 14 14 20 18 12 12 8 7 16 16 16 11 4 10 10 10 10 4 . . 7 6 3 Protection 5 | . 25 25 20 20 10 10 7 7 7 7 7 7 7 8 6 6 1 3 2 . . . 4 6 5 5 5 5 7 1 6 8 4 7 Energy Gun 1 | . . . . . . . . 9 14 14 14 14 9 1 . . . . . . . . . . . . . . . . 1 4 2 . Energy Cannon 1 | . . . . . . . . . . . . . 4 3 3 1 . 3 . . . . . 1 . . . 1 2 8 13 12 6 4 Ballistic Gun 8 | . 25 25 20 20 20 20 16 5 . . . . . 6 8 10 11 8 10 10 9 5 4 10 . . . . 6 . . . . . Ballistic Cannon 1 | . . . . . . . . . . . . . . . . . . . . . 1 5 5 3 10 10 10 10 2 . . . . . Naked Turns . | . . . . . . . . . . . . . . . . . . . . . . . . . . . . . . . . . . . Heaviest Build 253 | 19 57 57 59 61 253 216 218 218 218 218 216 216 220 235 228 231 237 248 251 215 223 223 235 246 135 135 135 147 188 190 184 179 203 175 Greatest Support 270 | 40 40 40 80 80 80 80 120 122 130 130 150 150 150 148 160 160 160 191 188 149 196 196 196 220 220 220 220 220 225 240 220 220 270 270 Greatest Overweight (x) 78 | . 1 1 . . 3 2 1 1 1 1 1 1 1 1 2 1 78 8 2 1 1 1 1 1 . . . . 1 1 . . . . Average Overweight (x) 2 | . . 1 . . . 2 1 1 1 1 1 1 1 1 1 1 49 1 1 1 1 1 1 . . . . . . . . . . . Largest Inventory Capacity 35 | 10 20 20 20 20 35 35 35 35 35 35 35 35 35 35 35 35 35 35 35 35 35 35 35 35 25 25 25 25 25 25 25 25 25 25 Average Capacity 31 | 10 19 20 20 20 27 35 35 35 35 35 35 35 35 35 35 35 35 35 35 35 35 35 35 27 25 25 25 25 25 25 25 25 25 25 Most Carried 35 | 9 19 19 20 20 28 28 34 35 35 35 35 35 35 35 35 35 35 35 35 35 35 35 35 35 25 25 25 25 25 25 25 25 25 25 Average Carried 30 | 7 13 19 19 19 22 28 32 34 34 34 34 35 34 34 32 34 34 34 32 33 33 32 34 26 25 25 25 24 23 21 24 23 24 23 Final Capacity 35 | 10 20 20 20 20 35 35 35 35 35 35 35 35 35 35 35 35 35 35 35 35 35 35 35 25 25 25 25 25 25 25 25 25 25 25 Final Carried 35 | 7 19 19 20 20 28 28 34 35 35 34 35 35 35 35 35 35 35 35 33 35 31 35 35 25 25 25 25 25 17 24 25 24 25 25 Class Distribution -------------------- 39% | Scavenger-Mutant 30% | Hacker-Mutant 11% | Wizard-Mutant 6% | Hauler-Mutant Dominant Class ---------------- Hacker-Mutant | -10/Materials Hacker-Mutant | -10/Mines Hacker-Mutant | -9/Materials Hacker-Mutant | -9/Mines Hauler-Mutant | -9/Exiles Hauler-Mutant | -8/Mines Hauler-Mutant | -8/Materials Hauler-Mutant | -8/Storage Hacker-Mutant | -7/Factory Hacker-Mutant | -7/Lower Caves Hacker-Mutant | -7/Lower Caves Hacker-Mutant | -7/Zion Hacker-Mutant | -6/Proximity Caves Wizard-Mutant | -6/Factory Hacker-Mutant | -6/Extension Scavenger-Mutant | -6/Cetus Scavenger-Mutant | -6/Archives Scavenger-Mutant | -6/Hub_04(d) Scavenger-Mutant | -5/Factory Wizard-Mutant | -5/Upper Caves Wizard-Mutant | -5/Upper Caves Wizard-Mutant | -5/Zhirov Wizard-Mutant | -4/Proximity Caves Scavenger-Mutant | -4/Factory Hacker-Mutant | -4/Upper Caves Hacker-Mutant | -4/Upper Caves Hacker-Mutant | -4/Warlord Hacker-Mutant | -3/Proximity Caves Hacker-Mutant | -3/Research Generator-Mutant | -3/Armory Generator-Mutant | -3/Lab Wizard-Mutant | -2/Research Wizard-Mutant | -2/Quarantine Scavenger-Mutant | -2/Section 7 Resources | -11 -10 -10 -9 -9 -9 -8 -8 -8 -7 -7 -7 -7 -6 -6 -6 -6 -6 -6 -5 -5 -5 -5 -4 -4 -4 -4 -4 -3 -3 -3 -3 -2 -2 -2 ----------- Run | Scr Mat Min Mat Min Exi Min Mat Sto Fac Low Low Zio Pro Fac Ext Cet Arc Hub Fac Upp Upp Zhi Pro Fac Upp Upp War Pro Res Arm Lab Res Qua Sec Matter Collected 13958 | 220 64 158 152 . . 36 220 512 64 10 30 . 30 179 857 107 356 952 1321 205 125 . 959 1386 115 30 . 506 3320 725 387 334 406 192 Remotely 419 | . . . . . . . . . . . . . . . 419 . . . . . . . . . . . . . . . . . . . Salvage Created 24570 | . 322 36 329 . . . 585 673 . 273 256 . 412 352 1127 344 187 2230 3226 225 160 . 1225 1823 111 . . 664 4507 1002 83 375 2761 1282 Parts 1152 | . 26 . 22 . . . 41 41 . 7 14 . 25 22 66 23 9 103 176 6 7 . 33 84 2 . . 22 186 41 6 9 136 45 Haulers Intercepted 11 | . 2 . . . . . . 3 . . . . . . . . . 1 1 . . . . 2 . . . . 2 . . . . . Recyclers Shooed 11 | . . . . . . . . 2 . . . . . . . . . . 6 . . . . 2 . . . . 1 . . . . . Parts Field Recycled . | . . . . . . . . . . . . . . . . . . . . . . . . . . . . . . . . . . . Retrieved Matter . | . . . . . . . . . . . . . . . . . . . . . . . . . . . . . . . . . . . Parts Self-Destructed . | . . . . . . . . . . . . . . . . . . . . . . . . . . . . . . . . . . . Prevented . | . . . . . . . . . . . . . . . . . . . . . . . . . . . . . . . . . . . Kills | -11 -10 -10 -9 -9 -9 -8 -8 -8 -7 -7 -7 -7 -6 -6 -6 -6 -6 -6 -5 -5 -5 -5 -4 -4 -4 -4 -4 -3 -3 -3 -3 -2 -2 -2 ------- Run | Scr Mat Min Mat Min Exi Min Mat Sto Fac Low Low Zio Pro Fac Ext Cet Arc Hub Fac Upp Upp Zhi Pro Fac Upp Upp War Pro Res Arm Lab Res Qua Sec Combat Hostiles Destroyed 401 | . 6 2 8 . . . 15 9 . 4 5 . 7 6 14 9 . 26 40 5 6 . 23 42 2 . . 24 83 16 1 4 29 15 Melee 6 | . . . . . . . . . . . . . . . . . . . . . . . . . . . . . . . 1 . 5 . Guns 166 | . 6 2 8 . . . 15 8 . 3 3 . 6 4 11 8 . 20 37 2 6 . 7 5 . . . . 15 . . . . . Cannons 106 | . . . . . . . . . . . . . . 1 2 1 . 3 . . . . 12 8 1 . . 5 28 11 . 3 18 13 AOE 78 | . . . . . . . . . . 1 2 . . . 1 . . . 3 3 . . 2 23 1 . . 18 22 . . 1 . 1 Classes Destroyed 24 | . 6 1 1 . . . . 3 . 1 1 . . 1 2 . . 1 . . . . 1 1 . . . . 2 . . . 3 . Worker 28 | . . . . . . . . 1 . . . . . . . . . 4 7 . . . . 7 . . . . 9 . . . . . Builder 24 | . 1 . . . . . . 1 . . . . . . 4 . . 1 4 . . . . 1 . . . . 10 . . . 2 . Tunneler 3 | . . . . . . . . . . . . . . . 1 . . . . . . . . . . . . . 2 . . . . . Hauler 11 | . 2 . . . . . . 3 . . . . . . . . . 1 1 . . . . 2 . . . . 2 . . . . . Recycler 8 | . 1 . . . . . . . . . . . . . 1 . . . 4 . . . . 1 . . . . 1 . . . . . Operator 12 | . . . . . . . . 1 . . . . . . 1 . 5 1 . . . . . 1 . . . . 1 1 . . . 1 Watcher 22 | . 1 . 1 . . . 1 . . . . . . . 1 . . 3 6 . . . . 2 . . . . 4 2 . . 1 . Swarmer 87 | . 4 . 2 . . . 6 . . . 2 . 3 . 3 6 . . 4 . 6 . 3 10 . . . 11 17 7 . . 3 . Saboteur 3 | . . . . . . . . . . . . . . . . . . . . . . . 1 . . . . 1 . 1 . . . . Grunt 105 | . 2 . 4 . . . 6 4 . 1 1 . 3 1 . . . 6 7 4 . . 11 8 2 . . 7 27 2 . 2 1 6 Brawler 17 | . . . . . . . . . . . . . . . . 1 . 4 2 . . . 3 2 . . . 2 3 . . . . . Duelist 10 | . . . . . . . . . . . 1 . . . . . . 1 . . . . 1 2 . . . . 2 1 . 1 . 1 Protector 4 | . . . . . . . . . . . . . . . . . . 2 . . . . . . . . . . 2 . . . . . Researcher 3 | . . . . . . . . . . . . . . . . . . . . . . . . . . . . . . . . . 3 . Sentry 45 | . . . 2 . . . 3 4 . . . . . 2 4 . . 5 6 1 . . 2 1 . . . 2 8 1 . 1 . 3 Specialist 7 | . . . . . . . . . . . . . . . . . . . . . . . . 4 . . . . 1 2 . . . . Hunter 41 | . . . . . . . . 1 . . . . . 1 6 . . 1 6 . . . . 4 . . . . 10 . . . 10 2 Programmer 51 | . . . . . . . . . . . . . . 2 . 1 . . 15 . . . 2 10 . . . . 10 2 . . 8 1 Q-Series 2 | . . . . . . . . . . . . . . . . . . . . . . . . . . . . . . . . . 2 . Behemoth 7 | . . . . . . . . . . . 1 . 1 . 1 . . 1 . . . . . 1 . . . 1 1 . . . . . Cetus Guard 1 | . . . . . . . . . . . . . . . . 1 . . . . . . . . . . . . . . . . . . Enhanced Grunt 2 | . . . . . . . . . . . . . . . . . . 2 . . . . . . . . . . . . . . . . Lightning 6 | . . . . . . . . . . . . . . . . . . 6 . . . . . . . . . . . . . . . . Tracker 4 | . . . . . . . . . . . . . . . . . . . . . . . . . . . . . . . . . 2 2 Combat Programmer 2 | . . . . . . . . . . . . . . . . . . . . . . . . . . . . . . . . . 2 . Striker 1 | . . . . . . . . . . . . . . . . . . . . . . . . . . . . . 1 . . . . . Executioner 1 | . . . . . . . . . . . . . . . . . . . . . . . . . . . . . 1 . . . . . Fortress 1 | . . . . . . . . . . . . . . . . . . . . . . . . . . . . . . . . . 1 . Assembled 2 | . . 2 . . . . . . . . . . . . . . . . . . . . . . . . . . . . . . . . Thug 1 | . . . . . . . . . . 1 . . . . . . . . . . . . . . . . . . . . . . . . Savage 1 | . . . . . . . . . . . . . . . 1 . . . . . . . . . . . . . . . . . . . Butcher 3 | . . . . . . . . . . 3 . . . . . . . . . . . . . . . . . . . . . . . . Best Kill Streak 26 | . 3 2 4 . . . 7 4 . 4 2 . 3 1 6 3 4 8 9 4 3 . 7 26 2 . . 7 24 6 1 3 7 3 Combat Bots Only 17 | . 2 2 3 . . . 6 2 . 4 2 . 3 1 6 3 . 6 4 4 3 . 7 17 2 . . 7 17 5 1 3 4 3 Max Kills in Single Turn 6 | . 2 1 1 . . . 2 1 . 2 1 . 1 1 2 1 1 4 2 2 1 . 2 6 1 . . 4 3 1 1 1 2 1 Gunslinging 1 | . . . . . . . 1 . . . . . . . . . . . 1 . . . . . . . . . . . . . . . Exploded 4 | . . . . . . . . . . 1 1 . . . 1 . . . 1 2 . . 1 4 1 . . 4 3 . . 1 . 1 Melee 1 | . . . . . . . . . . . . . . . . . . . . . . . . . . . . . . . 1 . 1 . Uniques/NPCs Destroyed 1 | . . . . . . . . . . . . . . . . . . . . . . . . . . . . . . . 1 . . . A5 (-3/Lab) Combat | -11 -10 -10 -9 -9 -9 -8 -8 -8 -7 -7 -7 -7 -6 -6 -6 -6 -6 -6 -5 -5 -5 -5 -4 -4 -4 -4 -4 -3 -3 -3 -3 -2 -2 -2 -------- Run | Scr Mat Min Mat Min Exi Min Mat Sto Fac Low Low Zio Pro Fac Ext Cet Arc Hub Fac Upp Upp Zhi Pro Fac Upp Upp War Pro Res Arm Lab Res Qua Sec Damage Taken 38757 | . 92 14 155 . . . 566 370 29 130 336 . 601 722 2765 319 93 1778 2553 137 208 . 1753 1983 . . . 768 10887 567 292 597 7682 3360 Core 3319 | . 10 . 10 . . . 25 10 . 26 13 . 21 13 168 31 . 104 222 26 20 . 142 83 . . . . 938 2 . . 1319 136 Absorbed by Shields 960 | . . . . . . . . . . . . . . . 10 187 . 16 . . . . . . . . . . 206 169 281 . 84 7 Reduced by Siege Mode 1167 | . . . . . . . . . . . . . . . . . . . . . . . . 10 . . . . 346 . 31 . 499 281 Redirected to Core 1063 | . . . . . . . . . . . . . . . . . . . . . . . . . . . . . . . . . 1063 . Core Remaining (%) 82 | 100 . 96 . . . 97 . 93 . . . . 91 . . . . 62 . . . . 59 . . . . 92 . . 50 . . . Volleys Fired 1179 | . 24 3 17 . . . 46 40 . 5 9 . 23 33 70 18 23 107 144 6 9 . 51 69 2 . . 28 203 46 . 15 97 91 Largest 4 | . 2 2 2 . . . 2 2 . 2 2 . 2 2 2 2 2 2 2 2 2 . 2 4 2 . . 2 4 2 . 3 4 1 Hottest 283 | . 46 46 46 . . . 46 90 . 90 90 . 101 112 91 103 75 75 70 56 56 . 99 169 106 . . 106 201 182 . 209 283 120 Shots Fired 2029 | . 48 6 34 . . . 92 78 . 10 18 . 43 66 112 36 33 162 283 9 16 . 102 112 4 . . 39 368 56 . 30 188 84 Gun 1257 | . 48 6 34 . . . 92 76 . 10 18 . 34 46 94 25 17 116 278 6 16 . 49 44 . . . . 181 . . 9 58 . Cannon 690 | . . . . . . . . . . . . . 9 20 18 11 16 46 . . . . 50 45 2 . . 26 156 56 . 21 130 84 Launcher 82 | . . . . . . . . 2 . . . . . . . . . . 5 3 . . 3 23 2 . . 13 31 . . . . . Special . | . . . . . . . . . . . . . . . . . . . . . . . . . . . . . . . . . . . Kinetic 1266 | . 48 6 34 . . . 92 60 . . . . . 46 94 25 17 116 278 6 16 . 99 60 2 . . 16 235 . . . 16 . Thermal 189 | . . . . . . . . . . . . . . . . . . . . . . . . . . . . . 24 18 . 6 64 77 Explosive 79 | . . . . . . . . 2 . . . . . . . . . . 5 3 . . . 23 2 . . 13 31 . . . . . Electromagnetic 495 | . . . . . . . . 16 . 10 18 . 43 20 18 11 16 46 . . . . 3 29 . . . 10 78 38 . 24 108 7 Robot Hit Streak 59 | . 9 13 18 . . . 59 41 . 22 56 . 59 27 29 28 18 51 32 31 32 . 53 47 15 . . 20 36 34 . 17 33 22 Robot Miss Streak 4 | . 1 . 2 . . . 1 1 . . . . 1 2 2 3 2 1 3 1 4 . 3 2 1 . . 3 2 1 . 1 2 1 Penetration Max 2 | . . . . . . . . . . . . . . . 1 . . 1 1 . . . 1 1 . . . . 2 . . 2 1 1 Secondary Targets 18 | . 1 . 1 . . . 5 2 . 1 . . 2 . . . . 2 3 . . . . . . . . . 1 . . . . . Max Gunslinging Chain 1 | . 1 . 1 . . . 1 1 . 1 . . 1 . . . . 1 1 . . . . . . . . . 1 . . . . . Shots Hit Robots 1839 | . 36 6 26 . . . 87 70 . 9 17 . 41 56 105 35 30 137 243 8 16 . 93 98 4 . . 33 309 49 19 20 221 71 Core Hits 1352 | . 15 4 12 . . . 32 34 . 12 9 . 26 16 93 47 20 71 183 26 18 . 132 143 8 . . 56 250 20 7 11 77 30 Critical Kills 37 | . . . 1 . . . . 1 . . . . . . 1 . 1 12 11 . . . 2 2 . . . . 4 . . . 2 . Critical Parts Destroyed 53 | . . . . . . . 1 . . . . . . . 1 . 1 8 24 . . . 1 1 . . . . 10 . . . 6 . Critical Strikes 124 | . . . 1 . . . 1 1 . . . . . . 2 . 2 22 36 . . . 3 10 . . . 2 30 2 . . 11 1 Destroy 92 | . . . 1 . . . 1 1 . . . . . . 2 . 2 20 36 . . . 3 3 . . . . 15 . . . 8 . Corrupt 30 | . . . . . . . . . . . . . . . . . . 2 . . . . . 7 . . . 2 15 2 . . 1 1 Sever 2 | . . . . . . . . . . . . . . . . . . . . . . . . . . . . . . . . . 2 . Melee Attacks 93 | . . . . . . . . . . . . . . . . . . . . . . . . . . . . . . 1 24 . 68 . Impact . | . . . . . . . . . . . . . . . . . . . . . . . . . . . . . . . . . . . Slashing 68 | . . . . . . . . . . . . . . . . . . . . . . . . . . . . . . . . . 68 . Piercing 25 | . . . . . . . . . . . . . . . . . . . . . . . . . . . . . . 1 24 . . . Sneak Attacks 1 | . . . . . . . . . . . . . . . . . . . . . . . . . . . . . . 1 . . . . Combat Hostiles . | . . . . . . . . . . . . . . . . . . . . . . . . . . . . . . . . . . . Follow-up Attacks 6 | . . . . . . . . . . . . . . . . . . . . . . . . . . . . . . . . . 6 . Damage Inflicted 78161 | . 507 90 360 . . 3 1238 1279 2 427 433 . 765 923 3277 1125 1030 4230 8135 605 232 . 3565 9271 216 . . 3904 19736 2184 874 632 9552 3566 Guns 25985 | . 507 90 360 . . . 1238 1025 . 150 231 . 547 662 2287 725 430 2587 7314 153 232 . 1396 1155 . . . . 4437 . . 10 449 . Cannons 22824 | . . . . . . . . . . . . . 111 257 388 321 582 977 . . . . 1759 2077 38 . . 700 5647 2017 . 362 4177 3411 Explosions 22893 | . . . . . . . . 203 . 277 202 . 107 . 106 79 . 585 728 452 . . 410 6039 178 . . 3204 9397 52 . 260 459 155 Melee 5399 | . . . . . . . . . . . . . . . . . . . . . . . . . . . . . . 115 874 . 4410 . Ramming 1060 | . . . . . . 3 . 51 2 . . . . 4 496 . 18 81 93 . . . . . . . . . 255 . . . 57 . Kinetic 29288 | . 507 90 360 . . . 1238 790 . . . . . 662 2287 725 430 2587 7314 153 232 . 3155 1704 38 . . 356 6255 . . . 405 . Thermal 8640 | . . . . . . . . 194 . 277 202 . 107 . 106 79 . 32 . . . . . 749 . . . . 375 682 . 260 2428 3149 Explosive 19310 | . . . . . . . . 9 . . . . . . . . . . 728 452 . . . 5290 178 . . 3204 9397 52 . . . . Electromagnetic 14464 | . . . . . . . . 235 . 150 231 . 658 257 388 321 582 1530 . . . . 410 1528 . . . 344 3454 1335 . 372 2252 417 Impact . | . . . . . . . . . . . . . . . . . . . . . . . . . . . . . . . . . . . Slashing 4410 | . . . . . . . . . . . . . . . . . . . . . . . . . . . . . . . . . 4410 . Piercing 989 | . . . . . . . . . . . . . . . . . . . . . . . . . . . . . . 115 874 . . . Highest Corruption 50 | . . . . . . . . . . . . . . 3 8 19 50 26 2 2 2 2 14 10 9 4 . . 23 24 29 . 21 45 Average Corruption 13 | . . . . . . . . . . . . . . 1 5 15 22 14 1 2 2 2 4 2 5 2 . . 7 23 28 . 10 22 Corruption Purged 80 | . . . . . . . . . . . . . . . . 2 67 . . . . . . 2 5 4 . . . . . . . . Effects 858 | . . . . . . . . . . . . . . 9 66 21 384 33 17 6 9 4 27 12 13 1 . . 74 50 31 . 49 52 Message Errors 235 | . . . . . . . . . . . . . . 3 18 4 126 10 4 2 2 . 9 3 5 . . . 16 7 9 . 9 8 Matter Fused 95 | . . . . . . . . . . . . . . 2 20 5 14 4 . . . . 5 2 1 . . . 14 7 5 . 9 7 Heat Flow Errors 118 | . . . . . . . . . . . . . . 2 9 4 59 1 4 3 3 2 3 . 1 . . . 6 3 6 . 10 2 Energy Discharges 124 | . . . . . . . . . . . . . . . 7 1 59 5 5 1 1 . 3 4 6 1 . . 13 6 1 . 6 5 Parts Rejected 8 | . . . . . . . . . . . . . . . 1 . 1 . . . . . . . . . . . 5 . . . . 1 Data Loss (minor) 122 | . . . . . . . . . . . . . . 2 5 5 69 3 4 . 3 2 4 3 . . . . 9 6 . . 3 4 Data Loss (major) 51 | . . . . . . . . . . . . . . . 3 1 27 . . . . . . . . . . . 5 5 2 . 4 4 Misfires 9 | . . . . . . . . . . . . . . . 2 . 3 . . . . . 2 . . . . . . . . . 1 1 Alerts 22 | . . . . . . . . . . . . . . . . . 16 1 . . . . . . . . . . . . 1 . 1 3 Misdirections 52 | . . . . . . . . . . . . . . . . 1 10 4 . . . . . . . . . . 2 14 7 . 5 9 Weapon Failures 22 | . . . . . . . . . . . . . . . 1 . . 5 . . . . 1 . . . . . 4 2 . . 1 8 Overload Shots . | . . . . . . . . . . . . . . . . . . . . . . . . . . . . . . . . . . . Overflow Damage 2635 | . . . . . . . . . . 3 . . 15 13 62 19 50 100 10 5 . . 3 481 . . . 199 1099 122 34 . 288 132 Projectiles 612 | . . . . . . . . . . . . . . 13 . 19 50 61 . . . . 3 118 . . . . 103 37 . . 76 132 Explosions 1647 | . . . . . . . . . . 3 . . 15 . . . . 39 10 5 . . . 363 . . . 199 971 . . . 42 . Melee 376 | . . . . . . . . . . . . . . . 62 . . . . . . . . . . . . . 25 85 34 . 170 . Knockbacks 77 | . . . . . . . . . . . . . . . 4 . . 2 . . . . 28 6 . . . 4 33 . . . . . Impact 7 | . . . . . . . . . . . . . . . 4 . . 2 . . . . . . . . . . 1 . . . . . Kinetic 69 | . . . . . . . . . . . . . . . . . . . . . . . 27 6 . . . 4 32 . . . . . Secondary 1 | . . . . . . . . . . . . . . . . . . . . . . . 1 . . . . . . . . . . . Self-Inflicted Damage 1132 | . . . . . . . . 16 . 79 66 . . . . . . 128 166 . . . 6 70 . . . 91 414 . . 42 54 . Shots 26 | . . . . . . . . 1 . 2 2 . . . . . . 2 4 . . . 1 2 . . . 3 7 . . 1 1 . Rammed 51 | . . . . . . 1 . 5 1 . . . . 1 18 . 1 2 8 . . . . . . . . . 11 . . . 3 . Targets Rammed 58 | . . . . . . 1 . 6 1 . . . . 1 22 . 1 3 8 . . . . . . . . . 12 . . . 3 . Kicked . | . . . . . . . . . . . . . . . . . . . . . . . . . . . . . . . . . . . Crushed 7 | . . . . . . . . 1 . . . . . . 4 . . 1 . . . . . . . . . . 1 . . . . . Highest Temperature 268 | . 30 9 51 . . . 20 147 . 93 84 . 244 242 258 249 268 67 260 240 223 249 133 44 107 . . 66 251 216 156 16 195 191 Average Temperature 70 | . 8 5 18 . . . 4 40 . 58 42 . 108 64 65 64 96 22 33 82 62 116 35 12 76 . . 30 91 76 82 6 78 46 Received Heat Transfer 6024 | . 9 . 102 . . . 423 207 15 18 69 . 198 222 421 36 6 342 474 75 . . 533 66 . . . 99 1884 27 6 234 261 297 Effects 7 | . . . . . . . . . . . . . 1 . . 5 1 . . . . . . . . . . . . . . . . . Energy Bleed 4 | . . . . . . . . . . . . . 1 . . 2 1 . . . . . . . . . . . . . . . . . Interference 3 | . . . . . . . . . . . . . . . . 3 . . . . . . . . . . . . . . . . . . Siege Activations 11 | . . . . . . . . . . . . . . . . . . . . . . . . 2 . . . 1 3 . 1 . 3 1 Total Turns 370 | . . . . . . . . . . . . . . . . . . . . . . . . 9 . . . 2 116 . 53 . 140 50 Longest Duration 82 | . . . . . . . . . . . . . . . . . . . . . . . . 7 . . . 2 69 . 53 . 82 50 Robots Corrupted 52 | . . . . . . . . 1 . . . . 1 1 . . 2 6 . . . . 2 7 . . . 1 18 5 . . 7 1 Combat Hostiles 44 | . . . . . . . . 1 . . . . 1 1 . . . 3 . . . . 2 6 . . . 1 17 5 . . 6 1 Parts Fried 123 | . . . . . . . . 3 . 1 . . 5 3 4 1 8 8 . . . . 2 12 . . . 1 32 9 . . 30 4 Impact Corruptions 7 | . . . . . . . . . . . . . . . 5 . . . . . . . . . . . . . 2 . . . . . Robots Melted . | . . . . . . . . . . . . . . . . . . . . . . . . . . . . . . . . . . . Combat Hostiles . | . . . . . . . . . . . . . . . . . . . . . . . . . . . . . . . . . . . Parts Melted 9 | . . . . . . . . . . 1 4 . . . . . . 1 . . . . . . . . . . . 2 . . . 1 Heat Transferred 7074 | . . . . . . . . 400 . 300 200 . 100 . . 100 . 50 . . . . . 550 . . . . 225 555 . 150 1828 2616 Parts Sabotaged 3 | . . . . . . . . . . . . . . . . . . . . . . . . 1 . . . . 2 . . . . . Parts Stolen . | . . . . . . . . . . . . . . . . . . . . . . . . . . . . . . . . . . . Parts Stripped . | . . . . . . . . . . . . . . . . . . . . . . . . . . . . . . . . . . . Power Chain Reactions 18 | . . . . . . . . 1 . 2 3 . 2 . 2 1 . 1 . . . . . . . . . . . . . 2 3 1 Missiles Intercepted . | . . . . . . . . . . . . . . . . . . . . . . . . . . . . . . . . . . . Alert | -11 -10 -10 -9 -9 -9 -8 -8 -8 -7 -7 -7 -7 -6 -6 -6 -6 -6 -6 -5 -5 -5 -5 -4 -4 -4 -4 -4 -3 -3 -3 -3 -2 -2 -2 ------- Run | Scr Mat Min Mat Min Exi Min Mat Sto Fac Low Low Zio Pro Fac Ext Cet Arc Hub Fac Upp Upp Zhi Pro Fac Upp Upp War Pro Res Arm Lab Res Qua Sec Peak Influence 1584 | . 131 51 274 75 . . 452 325 414 . . . . 102 135 368 137 983 478 . . . . 1004 . . . . 1584 916 . 178 575 520 Initial 570 | . . 36 13 75 . . . 65 16 . . . . . . 38 18 6 353 . . . . 14 . . . . 88 570 . . 14 . Average 133 | . 51 48 116 75 . . 175 107 192 . . . . 32 24 187 3 476 187 . . . . 183 . . . . 620 727 . 58 138 162 Maximum Alert Level 4 | . . . 1 . . . 2 1 2 . . . . . . 1 . 3 2 . . . . 3 . . . . 4 3 . . 2 2 Low Security (%) 79 | 100 100 100 67 100 . 100 64 80 58 . . . . 100 100 35 100 23 55 . . . . 82 . . . . 21 . . 100 76 59 Level 1 7 | . . . 32 . . . 20 19 . . . . . . . 64 . 25 34 . . . . 2 . . . . 13 . . . 8 29 Level 2 5 | . . . . . . . 15 . 41 . . . . . . . . 14 9 . . . . 3 . . . . 17 45 . . 15 10 Level 3 5 | . . . . . . . . . . . . . . . . . . 36 . . . . . 11 . . . . 37 54 . . . . Level 4 . | . . . . . . . . . . . . . . . . . . . . . . . . . . . . . 10 . . . . . Level 5 . | . . . . . . . . . . . . . . . . . . . . . . . . . . . . . . . . . . . High Security . | . . . . . . . . . . . . . . . . . . . . . . . . . . . . . . . . . . . Max Security . | . . . . . . . . . . . . . . . . . . . . . . . . . . . . . . . . . . . Squads Dispatched 96 | . . . 3 . . . 3 3 1 . . . . 2 1 . . 12 15 . . . 1 10 . . . 1 21 1 . 2 14 6 Investigation 8 | . . . . . . . 1 2 . . . . . . . . . 1 1 . . . . . . . . . 2 . . . . 1 Extermination 26 | . . . . . . . . . 1 . . . . 1 . . . 1 7 . . . . 3 . . . . 6 1 . . 5 1 Reinforcement 37 | . . . 3 . . . 2 1 . . . . . 1 1 . . 4 4 . . . . 6 . . . . 7 . . 1 6 1 Assault 9 | . . . . . . . . . . . . . . . . . . 2 . . . . 1 1 . . . 1 4 . . . . . Garrison 9 | . . . . . . . . . . . . . . . . . . 4 3 . . . . . . . . . 2 . . . . . Intercept 7 | . . . . . . . . . . . . . . . . . . . . . . . . . . . . . . . . 1 3 3 Construction Impeded 13 | . . . . . . . . . . . . . . . 1 . . 1 3 . . . . 2 . . . . 4 . . . 2 . Haulers Reinforced 2 | . . . . . . . . . . . . . . . . . . . . . . . . 1 . . . . 1 . . . . . Cargo Convoy Interrupts 2 | . . . . . . . . . . . . . . . . . . . . . . . . 1 . . . . 1 . . . . . Stealth | -11 -10 -10 -9 -9 -9 -8 -8 -8 -7 -7 -7 -7 -6 -6 -6 -6 -6 -6 -5 -5 -5 -5 -4 -4 -4 -4 -4 -3 -3 -3 -3 -2 -2 -2 --------- Run | Scr Mat Min Mat Min Exi Min Mat Sto Fac Low Low Zio Pro Fac Ext Cet Arc Hub Fac Upp Upp Zhi Pro Fac Upp Upp War Pro Res Arm Lab Res Qua Sec Distress Signals 29 | . . . 1 . . . 1 2 . . . . . . 2 1 . 7 3 . . . . 2 . . . . 2 1 . 4 3 . Communications Jammed . | . . . . . . . . . . . . . . . . . . . . . . . . . . . . . . . . . . . Distress Signals . | . . . . . . . . . . . . . . . . . . . . . . . . . . . . . . . . . . . Times Spotted 612 | . 10 2 12 . . . 22 13 8 5 5 . 7 8 27 15 22 53 59 5 6 . 28 53 1 . . 23 124 25 1 6 42 30 Peak Tracking Total 13 | . 3 2 5 . . . 6 2 4 4 2 . 3 2 6 5 1 7 5 4 3 . 8 13 1 . . 7 13 4 1 3 5 5 Tactical Retreats 52 | . . . 1 . . . 6 2 . . . . . . . . . 8 2 . 1 . 4 1 . . . 1 14 2 . . 3 7 Traps | -11 -10 -10 -9 -9 -9 -8 -8 -8 -7 -7 -7 -7 -6 -6 -6 -6 -6 -6 -5 -5 -5 -5 -4 -4 -4 -4 -4 -3 -3 -3 -3 -2 -2 -2 ------- Run | Scr Mat Min Mat Min Exi Min Mat Sto Fac Low Low Zio Pro Fac Ext Cet Arc Hub Fac Upp Upp Zhi Pro Fac Upp Upp War Pro Res Arm Lab Res Qua Sec Traps Triggered 21 | . 2 . . . . . . 2 . . . . . . 1 . . 3 6 . . . . 2 . . . . 3 . . . 2 . Indirectly 1 | . . . . . . . . . . . . . . . . . . 1 . . . . . . . . . . . . . . . . Trap Hack Attempts . | . . . . . . . . . . . . . . . . . . . . . . . . . . . . . . . . . . . Triggered . | . . . . . . . . . . . . . . . . . . . . . . . . . . . . . . . . . . . Disarmed 10 | . . . . . . . . . . . . . . . 6 . . . 4 . . . . . . . . . . . . . . . Reprogrammed 6 | . . . . . . . . . 6 . . . . . . . . . . . . . . . . . . . . . . . . . Reused . | . . . . . . . . . . . . . . . . . . . . . . . . . . . . . . . . . . . Traps Extracted . | . . . . . . . . . . . . . . . . . . . . . . . . . . . . . . . . . . . Installed . | . . . . . . . . . . . . . . . . . . . . . . . . . . . . . . . . . . . Triggered 12 | . . . . . . . . . . 3 . . . . . . . . . . . . . . . . 9 . . . . . . . Machines | -11 -10 -10 -9 -9 -9 -8 -8 -8 -7 -7 -7 -7 -6 -6 -6 -6 -6 -6 -5 -5 -5 -5 -4 -4 -4 -4 -4 -3 -3 -3 -3 -2 -2 -2 ---------- Run | Scr Mat Min Mat Min Exi Min Mat Sto Fac Low Low Zio Pro Fac Ext Cet Arc Hub Fac Upp Upp Zhi Pro Fac Upp Upp War Pro Res Arm Lab Res Qua Sec Machines Disabled 60 | . . . 1 . . . . 1 . . . . . . 2 . 2 11 11 . . . . 15 . . . 1 7 1 1 . 4 3 Max in Single Turn 8 | . . . 1 . . . . 1 . . . . . . 1 . 1 2 3 . . . . 8 . . . 1 1 1 1 . 1 2 Garrison Access 7 | . . . . . . . . . . . . . . 1 . . . 1 1 . . . . . . . . . 1 . . 2 . 1 Network Hub 2 | . . . . . . . . . . . . . . . . . . 2 . . . . . . . . . . . . . . . . Energy Cycler 1 | . . . . . . . . . . . . . . . . . . . . . . . . . . . . . . 1 . . . . Machines Sabotaged . | . . . . . . . . . . . . . . . . . . . . . . . . . . . . . . . . . . . Garrisons Compromised . | . . . . . . . . . . . . . . . . . . . . . . . . . . . . . . . . . . . Overloaded Fab Kills . | . . . . . . . . . . . . . . . . . . . . . . . . . . . . . . . . . . . Fab Network Shutdowns 1 | . . . . . . . . . 1 . . . . . . . . . . . . . . . . . . . . . . . . . Hacking | -11 -10 -10 -9 -9 -9 -8 -8 -8 -7 -7 -7 -7 -6 -6 -6 -6 -6 -6 -5 -5 -5 -5 -4 -4 -4 -4 -4 -3 -3 -3 -3 -2 -2 -2 --------- Run | Scr Mat Min Mat Min Exi Min Mat Sto Fac Low Low Zio Pro Fac Ext Cet Arc Hub Fac Upp Upp Zhi Pro Fac Upp Upp War Pro Res Arm Lab Res Qua Sec Machines Accessed 90 | . 6 1 2 . 1 . 1 8 4 . 1 . . 6 12 1 . 1 10 1 . 5 . 4 1 . 4 . 8 1 . 1 4 7 Terminals 58 | . 6 1 2 . . . . 6 3 . . . . 5 12 1 . 1 3 1 . . . 3 . . . . 5 1 . . 3 5 Fabricators 6 | . . . . . . . . . 1 . . . . . . . . . 3 . . . . . . . . . 2 . . . . . Repair Stations 6 | . . . . . . . . 1 . . . . . . . . . . 3 . . . . 1 . . . . 1 . . . . . Recycling Units 2 | . . . . . . . 1 1 . . . . . . . . . . . . . . . . . . . . . . . . . . Scanalyzers 2 | . . . . . . . . . . . . . . . . . . . . . . . . . . . . . . . . . 1 1 Garrison Access 4 | . . . . . . . . . . . . . . 1 . . . . 1 . . . . . . . . . . . . 1 . 1 Total Hacks 356 | . 17 1 3 . 1 . 1 20 16 . 1 . . 18 34 3 . 5 46 1 . 18 . 39 1 . 13 . 70 2 . 1 18 27 Successful 241 | . 9 1 1 . 1 . 1 13 15 . 1 . . 16 29 1 . 3 29 1 . 18 . 19 1 . 13 . 40 1 . 1 13 14 Failed 115 | . 8 . 2 . . . . 7 1 . . . . 2 5 2 . 2 17 . . . . 20 . . . . 30 1 . . 5 13 Catastrophic 10 | . . . 1 . . . . 1 . . . . . . . . . . . . . . . 2 . . . . 4 1 . . . 1 Database Lockouts . | . . . . . . . . . . . . . . . . . . . . . . . . . . . . . . . . . . . Manual 159 | . 9 1 1 . . . 1 12 4 . . . . 6 13 1 . 5 14 . . . . 17 . . . . 42 1 1 . 9 22 Terminals 249 | . 17 1 3 . . . . 17 11 . . . . 16 34 3 . 5 20 1 . . . 27 . . . . 51 2 . . 17 24 Fabricators 31 | . . . . . . . . . 5 . . . . . . . . . 17 . . . . . . . . . 9 . . . . . Repair Stations 32 | . . . . . . . . 2 . . . . . . . . . . 8 . . . . 12 . . . . 10 . . . . . Recycling Units 2 | . . . . . . . 1 1 . . . . . . . . . . . . . . . . . . . . . . . . . . Scanalyzers 2 | . . . . . . . . . . . . . . . . . . . . . . . . . . . . . . . . . 1 1 Garrison Access 6 | . . . . . . . . . . . . . . 2 . . . . 1 . . . . . . . . . . . . 1 . 2 Terminal Hacks 161 | . 8 1 1 . 1 . . 9 10 . 1 . . 13 23 1 . 2 9 1 . 18 . 8 1 . 13 . 20 1 . . 12 8 Record 18 | . . . . . 1 . . . . . . . . . . . . . . 1 . 6 . . . . 8 . 1 . . . . 1 Part Schematic 16 | . 1 . . . . . . 1 2 . . . . 2 2 . . . 2 . . 4 . . . . . . 1 1 . . . . Robot Analysis 6 | . . . . . . . . . . . . . . 1 . . . . . . . 4 . 1 . . . . . . . . . . Prototype ID Bank 20 | . 2 . . . . . . . 1 . . . . . 3 . . . . . . 4 . . . . 4 . 5 . . . 1 . Open Door 11 | . . . . . . . . 2 . . 1 . . 1 4 1 . . . . . . . . 1 . 1 . . . . . . . Level Access Points 3 | . . 1 . . . . . 1 . . . . . . . . . . . . . . . . . . . . . . . . . 1 Branch Access Points 7 | . 1 . . . . . . . 1 . . . . 1 1 . . . 1 . . . . 1 . . . . 1 . . . . . Emergency Access Points 3 | . . . . . . . . . 1 . . . . 1 . . . . . . . . . . . . . . 1 . . . . . Machine Index 3 | . . . . . . . . . . . . . . . 1 . . . . . . . . . . . . . 1 . . . . 1 Terminal Index 5 | . . . . . . . . 1 . . . . . 1 1 . . . 1 . . . . . . . . . . . . . 1 . Fabricator Index 3 | . . . . . . . . . . . . . . 1 . . . . 1 . . . . . . . . . 1 . . . . . Garrison Index 2 | . . . . . . . . . . . . . . . 1 . . 1 . . . . . . . . . . . . . . . . Alert Level 9 | . 2 . . . . . . . 2 . . . . 2 . . . . . . . . . 1 . . . . 1 . . . 1 . Unreport Threat 24 | . 1 . . . . . . 2 1 . . . . . 3 . . . 2 . . . . 3 . . . . 4 . . . 4 4 Disarm Traps 3 | . . . . . . . . . . . . . . . 2 . . . 1 . . . . . . . . . . . . . . . Reprogram Traps 1 | . . . . . . . . . 1 . . . . . . . . . . . . . . . . . . . . . . . . . Dispatch Records 3 | . . . . . . . . . . . . . . 1 1 . . . . . . . . . . . . . . . . . 1 . Recall Investigation 3 | . . . . . . . . 1 . . . . . . . . . . . . . . . . . . . . 1 . . . . 1 Recall Extermination 3 | . . . . . . . . . . . . . . . . . . . 1 . . . . . . . . . 1 . . . 1 . Recall Reinforcements 5 | . . . 1 . . . . . . . . . . . . . . . . . . . . 2 . . . . . . . . 2 . Recall Assault 1 | . . . . . . . . . . . . . . . . . . . . . . . . . . . . . 1 . . . . . Hauler Manifests 3 | . 1 . . . . . . . . . . . . . 1 . . . . . . . . . . . . . 1 . . . . . Registered Components 2 | . . . . . . . . . 1 . . . . 1 . . . . . . . . . . . . . . . . . . . . Registered Prototypes 1 | . . . . . . . . . . . . . . . 1 . . . . . . . . . . . . . . . . . . . Zone Layout 6 | . . . . . . . . 1 . . . . . 1 2 . . 1 . . . . . . . . . . . . . . 1 . Fabricator Hacks 21 | . . . . . . . . . 3 . . . . . . . . . 11 . . . . . . . . . 7 . . . . . Network Status 1 | . . . . . . . . . . . . . . . . . . . 1 . . . . . . . . . . . . . . . Load Schematic 8 | . . . . . . . . . 1 . . . . . . . . . 3 . . . . . . . . . 4 . . . . . Build 12 | . . . . . . . . . 2 . . . . . . . . . 7 . . . . . . . . . 3 . . . . . Repair Station Hacks 27 | . . . . . . . . 2 . . . . . . . . . . 6 . . . . 11 . . . . 8 . . . . . Scan Component 13 | . . . . . . . . 1 . . . . . . . . . . 3 . . . . 5 . . . . 4 . . . . . Repair 13 | . . . . . . . . 1 . . . . . . . . . . 3 . . . . 5 . . . . 4 . . . . . Refit 1 | . . . . . . . . . . . . . . . . . . . . . . . . 1 . . . . . . . . . . Recycling Unit Hacks . | . . . . . . . . . . . . . . . . . . . . . . . . . . . . . . . . . . . Scanalyzer . | . . . . . . . . . . . . . . . . . . . . . . . . . . . . . . . . . . . Garrison Access Hacks 5 | . . . . . . . . . . . . . . 1 . . . . 1 . . . . . . . . . . . . 1 . 2 Seal Access 4 | . . . . . . . . . . . . . . 1 . . . . 1 . . . . . . . . . . . . 1 . 1 Coupler Status 1 | . . . . . . . . . . . . . . . . . . . . . . . . . . . . . . . . . . 1 Unauthorized Hacks 27 | . 1 . . . . . 1 2 2 . . . . 2 6 . . 1 2 . . . . . . . . . 5 . . . 1 4 Terminals 19 | . 1 . . . . . . 1 1 . . . . 2 6 . . 1 . . . . . . . . . . 4 . . . . 3 Track 3 | . . . . . . . . . . . . . . . 1 . . . . . . . . . . . . . 1 . . . . 1 Assimilate 1 | . . . . . . . . . . . . . . . 1 . . . . . . . . . . . . . . . . . . . Botnet 12 | . 1 . . . . . . 1 1 . . . . 1 3 . . 1 . . . . . . . . . . 2 . . . . 2 Operators 3 | . . . . . . . . . . . . . . 1 1 . . . . . . . . . . . . . 1 . . . . . Fabricators 4 | . . . . . . . . . 1 . . . . . . . . . 2 . . . . . . . . . 1 . . . . . Report 1 | . . . . . . . . . . . . . . . . . . . 1 . . . . . . . . . . . . . . . Prioritize 2 | . . . . . . . . . 1 . . . . . . . . . . . . . . . . . . . 1 . . . . . Siphon 1 | . . . . . . . . . . . . . . . . . . . 1 . . . . . . . . . . . . . . . Repair Stations . | . . . . . . . . . . . . . . . . . . . . . . . . . . . . . . . . . . . Recycling Units 2 | . . . . . . . 1 1 . . . . . . . . . . . . . . . . . . . . . . . . . . Tunnel 2 | . . . . . . . 1 1 . . . . . . . . . . . . . . . . . . . . . . . . . . Scanalyzers 2 | . . . . . . . . . . . . . . . . . . . . . . . . . . . . . . . . . 1 1 Researchers 2 | . . . . . . . . . . . . . . . . . . . . . . . . . . . . . . . . . 1 1 Garrison Access . | . . . . . . . . . . . . . . . . . . . . . . . . . . . . . . . . . . . Data Cores Recovered 5 | . . . . . . . . . 1 . . . . . 1 . . 1 . . . . . . . . . . 1 1 . . . . Used 2 | . . . . . . . . . 1 . . . . . . . . . . . . . . . . . . . 1 . . . . . Hacking Detections 57 | . 4 1 2 . . . . 7 3 . . . . 5 9 1 . 1 5 . . . . 3 . . . . 7 1 . . 3 5 Full Trace Events 4 | . . . . . . . . 1 . . . . . . . . . . . . . . . . . . . . 2 . . . . 1 Feedback Events . | . . . . . . . . . . . . . . . . . . . . . . . . . . . . . . . . . . . Feedback Blocked . | . . . . . . . . . . . . . . . . . . . . . . . . . . . . . . . . . . . Robot Schematics Acquired . | . . . . . . . . . . . . . . . . . . . . . . . . . . . . . . . . . . . Robots Built . | . . . . . . . . . . . . . . . . . . . . . . . . . . . . . . . . . . . Matter . | . . . . . . . . . . . . . . . . . . . . . . . . . . . . . . . . . . . Time . | . . . . . . . . . . . . . . . . . . . . . . . . . . . . . . . . . . . Total Robot Build Rating . | . . . . . . . . . . . . . . . . . . . . . . . . . . . . . . . . . . . Part Schematics Acquired 15 | . 1 . . . . . . 1 2 . . . . 2 2 . . . 1 . . 4 . . . . . . 1 1 . . . . Parts Built 12 | . . . . . . . . . 3 . . . . . . . . . 5 . . . . . . . . . 4 . . . . . Matter 2078 | . . . . . . . . . 424 . . . . . . . . . 901 . . . . . . . . . 753 . . . . . Time 662 | . . . . . . . . . 79 . . . . . . . . . 424 . . . . . . . . . 159 . . . . . Total Part Build Rating 71 | . . . . . . . . . 18 . . . . . . . . . 30 . . . . . . . . . 23 . . . . . Parts Repaired 11 | . . . . . . . . 1 . . . . . . . . . . 1 . . . . 5 . . . . 4 . . . . . Time 938 | . . . . . . . . 32 . . . . . . . . . . 324 . . . . 421 . . . . 161 . . . . . Parts Recycled . | . . . . . . . . . . . . . . . . . . . . . . . . . . . . . . . . . . . Recycled Matter . | . . . . . . . . . . . . . . . . . . . . . . . . . . . . . . . . . . . Retrieved Matter . | . . . . . . . . . . . . . . . . . . . . . . . . . . . . . . . . . . . Retrieved Components . | . . . . . . . . . . . . . . . . . . . . . . . . . . . . . . . . . . . Parts Scanalyzed . | . . . . . . . . . . . . . . . . . . . . . . . . . . . . . . . . . . . Part Schematics Acquired . | . . . . . . . . . . . . . . . . . . . . . . . . . . . . . . . . . . . Parts Damaged . | . . . . . . . . . . . . . . . . . . . . . . . . . . . . . . . . . . . Bothacking | -11 -10 -10 -9 -9 -9 -8 -8 -8 -7 -7 -7 -7 -6 -6 -6 -6 -6 -6 -5 -5 -5 -5 -4 -4 -4 -4 -4 -3 -3 -3 -3 -2 -2 -2 ------------ Run | Scr Mat Min Mat Min Exi Min Mat Sto Fac Low Low Zio Pro Fac Ext Cet Arc Hub Fac Upp Upp Zhi Pro Fac Upp Upp War Pro Res Arm Lab Res Qua Sec Used RIF Installer . | . . . . . . . . . . . . . . . . . . . . . . . . . . . . . . . . . . . Robots Hacked . | . . . . . . . . . . . . . . . . . . . . . . . . . . . . . . . . . . . Non-combat . | . . . . . . . . . . . . . . . . . . . . . . . . . . . . . . . . . . . Combat . | . . . . . . . . . . . . . . . . . . . . . . . . . . . . . . . . . . . Robot Hacks Applied . | . . . . . . . . . . . . . . . . . . . . . . . . . . . . . . . . . . . Relay Couplers Released 2 | . . . . . . . . . . . . . . . . . . . . . . . . . . . . . 2 . . . . . Machine Destruction 2 | . . . . . . . . . . . . . . . . . . . . . . . . . . . . . 2 . . . . . Robots Rewired 6 | . . . . . . . . . . . . . . . . . . . . . . . 2 . . . . 1 . 2 . . 1 . Allies Hacked 2 | . . . . . . . . . . . . . . . . . . . . . . . . 2 . . . . . . . . . . Hacks Repelled 1 | . . . . . . . . . 1 . . . . . . . . . . . . . . . . . . . . . . . . . Allies | -11 -10 -10 -9 -9 -9 -8 -8 -8 -7 -7 -7 -7 -6 -6 -6 -6 -6 -6 -5 -5 -5 -5 -4 -4 -4 -4 -4 -3 -3 -3 -3 -2 -2 -2 -------- Run | Scr Mat Min Mat Min Exi Min Mat Sto Fac Low Low Zio Pro Fac Ext Cet Arc Hub Fac Upp Upp Zhi Pro Fac Upp Upp War Pro Res Arm Lab Res Qua Sec Total Allies 30 | . . . . . . . . 10 . . . . . . 7 5 . 2 . . . . 2 . . . . 1 . 2 . . 1 . Largest Group 10 | . . . . . . . . 10 9 6 1 1 1 . 4 6 6 4 . . . . 2 1 . . . 1 1 2 2 . 1 . Highest-Rated Group 623 | . . . . . . . . 173 157 109 16 16 16 . 181 623 623 380 . . . . 96 47 . . . 42 38 128 128 . 29 . Highest-Rated Ally 156 | . . . . . . . . 29 29 29 16 16 16 . 156 156 148 95 . . . . 49 47 . . . 42 38 65 65 . 29 . Total Orders . | . . . . . . . . . . . . . . . . . . . . . . . . . . . . . . . . . . . Ally Attacks 323 | . . . . . . . . 9 58 18 9 . 3 . 41 30 32 116 . . . . 2 3 . . . . 2 . . . . . Total Damage 8490 | . . . . . . . . 146 702 245 102 . . . 833 697 1219 4353 . . . . 31 122 . . . . 40 . . . . . Kills 43 | . . . . . . . . 3 6 1 . . . . 5 6 4 18 . . . . . . . . . . . . . . . . Allies Corrupted 5 | . . . . . . . . . . . . . . . 1 . . 1 . . . . . 1 . . . . . . 2 . . . Allies Melted 1 | . . . . . . . . . . . . . . . . . . . . . . . . . . . . . . . . 1 . . Intel | -11 -10 -10 -9 -9 -9 -8 -8 -8 -7 -7 -7 -7 -6 -6 -6 -6 -6 -6 -5 -5 -5 -5 -4 -4 -4 -4 -4 -3 -3 -3 -3 -2 -2 -2 ------- Run | Scr Mat Min Mat Min Exi Min Mat Sto Fac Low Low Zio Pro Fac Ext Cet Arc Hub Fac Upp Upp Zhi Pro Fac Upp Upp War Pro Res Arm Lab Res Qua Sec Robot Analysis Total 6 | . . . . . . . . . . . . . . 1 . . . . . . . 4 . 1 . . . . . . . . . . Derelict Logs Recovered 7 | . . . . 1 . . . . . . . 1 . . . . . . . . 1 . 1 . 2 1 . . . . . . . . Drone Launches . | . . . . . . . . . . . . . . . . . . . . . . . . . . . . . . . . . . . Drone Recoveries . | . . . . . . . . . . . . . . . . . . . . . . . . . . . . . . . . . . . Exploration | -11 -10 -10 -9 -9 -9 -8 -8 -8 -7 -7 -7 -7 -6 -6 -6 -6 -6 -6 -5 -5 -5 -5 -4 -4 -4 -4 -4 -3 -3 -3 -3 -2 -2 -2 ------------- Run | Scr Mat Min Mat Min Exi Min Mat Sto Fac Low Low Zio Pro Fac Ext Cet Arc Hub Fac Upp Upp Zhi Pro Fac Upp Upp War Pro Res Arm Lab Res Qua Sec Turns Passed 44913 | 9 794 376 285 245 477 569 566 997 702 588 700 1536 1015 1239 2343 457 13934 1169 2893 424 643 367 1331 1500 674 280 669 1189 2668 710 477 704 1641 742 Spaces Moved 12003 | 5 282 142 137 152 197 158 161 280 253 214 257 594 362 382 773 111 533 343 647 157 228 138 448 466 417 176 418 536 1070 298 222 405 719 322 Core 339 | . . . . . . . . . . . . . . . . . 339 . . . . . . . . . . . . . . . . . Treads 11658 | 3 282 142 137 152 197 158 161 280 253 214 257 594 362 382 773 111 194 339 647 157 228 138 448 466 417 176 418 536 1070 298 222 405 719 322 Legs 6 | 2 . . . . . . . . . . . . . . . . . 4 . . . . . . . . . . . . . . . . Wheels . | . . . . . . . . . . . . . . . . . . . . . . . . . . . . . . . . . . . Hover . | . . . . . . . . . . . . . . . . . . . . . . . . . . . . . . . . . . . Flight . | . . . . . . . . . . . . . . . . . . . . . . . . . . . . . . . . . . . Fastest Speed 120 | 120 160 260 160 160 160 360 260 259 259 259 259 259 259 261 261 260 260 260 260 260 260 260 260 160 160 160 160 160 155 160 163 163 150 160 Average Speed 322 | 144 248 260 160 160 238 360 260 259 259 259 259 259 260 261 261 260 2599 265 282 260 260 260 260 168 160 160 160 160 164 166 163 163 154 160 Slowest Speed 3950 | 160 260 260 160 160 460 360 260 261 259 259 259 259 261 262 362 262 3950 740 360 260 260 260 260 263 160 160 160 160 270 270 163 163 163 160 Overloaded Moves . | . . . . . . . . . . . . . . . . . . . . . . . . . . . . . . . . . . . Propulsion Burnouts . | . . . . . . . . . . . . . . . . . . . . . . . . . . . . . . . . . . . Robots Hopped . | . . . . . . . . . . . . . . . . . . . . . . . . . . . . . . . . . . . Cave-ins Triggered . | . . . . . . . . . . . . . . . . . . . . . . . . . . . . . . . . . . . Teleports 1 | . . . . . . . . . . . . . . . . . . . . . . . . . . . . . . 1 . . . . Exploration Rate (%) 46 | 3 61 41 19 38 54 62 16 54 10 45 52 77 59 14 90 57 75 51 27 35 46 60 61 19 67 39 51 73 31 27 99 14 69 25 Regions Visited 34 Branch Regions 25 Pre-discovered Areas 8 | . . . . . 1 . 1 1 . . . 1 . . . . . . . . . 3 . . . 1 . . . . . . . . Known Exits Taken 34 | 1 1 1 1 1 1 1 1 1 1 1 1 1 1 1 1 1 1 1 1 1 1 1 1 1 1 1 1 1 1 1 1 1 1 . Unknown Exits Taken . | . . . . . . . . . . . . . . . . . . . . . . . . . . . . . . . . . . . Scrap Searched 16 | . . 1 . . . . . . . 1 1 2 2 . . . . . . 1 2 . 2 . . 1 . 3 . . . . . . Spaces Dug 8 | . . . . . . . . . . . . . . . . . . . 2 . . . . . . . . . 1 1 . 1 3 . Terrain Destroyed 1139 | . . . . . . . . 23 . 4 9 . 2 . 1 7 . 341 80 17 . . 13 160 33 . . 148 207 11 . 32 41 10 Melee 1 | . . . . . . . . . . . . . . . . . . . . . . . . . . . . . . . . . 1 . Projectile 134 | . . . . . . . . . . . . . . . 1 . . 21 45 . . . 13 5 . . . . 21 2 . 4 17 5 AOE 1004 | . . . . . . . . 23 . 4 9 . 2 . . 7 . 320 35 17 . . . 155 33 . . 148 186 9 . 28 23 5 Terrain Rammed . | . . . . . . . . . . . . . . . . . . . . . . . . . . . . . . . . . . . Walls Destroyed . | . . . . . . . . . . . . . . . . . . . . . . . . . . . . . . . . . . . Machines Disabled . | . . . . . . . . . . . . . . . . . . . . . . . . . . . . . . . . . . . Actions | -11 -10 -10 -9 -9 -9 -8 -8 -8 -7 -7 -7 -7 -6 -6 -6 -6 -6 -6 -5 -5 -5 -5 -4 -4 -4 -4 -4 -3 -3 -3 -3 -2 -2 -2 --------- Run | Scr Mat Min Mat Min Exi Min Mat Sto Fac Low Low Zio Pro Fac Ext Cet Arc Hub Fac Upp Upp Zhi Pro Fac Upp Upp War Pro Res Arm Lab Res Qua Sec Total 16437 | 8 329 144 173 155 209 158 218 465 303 239 276 593 394 556 958 250 591 486 1492 166 266 147 517 1111 419 175 418 842 1739 452 290 423 1018 457 Wait 2385 | . 3 . . . . . . 115 37 20 3 . 2 107 58 96 9 6 649 . 20 . 2 498 . . . 268 354 31 16 1 57 33 Move 11970 | 4 281 141 136 151 196 157 160 279 252 213 256 593 361 381 772 110 532 342 646 156 227 137 447 465 416 175 417 535 1070 297 221 404 718 322 Hop . | . . . . . . . . . . . . . . . . . . . . . . . . . . . . . . . . . . . Pick Up 160 | . 12 . 7 1 6 . 9 4 5 . 1 . 3 9 6 7 2 5 6 2 2 3 1 7 . . . 1 20 18 6 . 13 4 Fast Attach 150 | . . . 1 . 1 . . 2 1 . . . . 3 6 3 5 3 15 . 1 4 7 20 . . . 2 22 20 9 . 24 1 Attach 111 | 2 1 . 3 . . . 3 1 1 1 . . 2 5 11 4 3 6 7 . 3 . 1 11 . . . . 19 11 . 2 11 3 Detach 24 | 2 . . 2 . . . . 1 . . . . . . . . . . . . . 1 . 6 . . . 3 8 . . . 1 . Swap 90 | . 5 . 1 1 2 . . 6 1 . 3 . 1 9 11 3 10 4 5 2 2 . 3 6 1 . 1 . 5 2 2 1 1 2 Drop 183 | . 3 . 6 2 4 . . 7 5 . 4 . 2 8 . 9 6 7 6 . 2 2 . 28 . . . 3 27 19 12 . 20 1 Fire 1179 | . 24 3 17 . . . 46 40 . 5 9 . 23 33 70 18 23 107 144 6 9 . 51 69 2 . . 28 203 46 . 15 97 91 Melee 86 | . . . . . . . . . . . . . . . . . . . . . . . . . . . . . . 1 24 . 61 . Ram . | . . . . . . . . . . . . . . . . . . . . . . . . . . . . . . . . . . . Kick . | . . . . . . . . . . . . . . . . . . . . . . . . . . . . . . . . . . . Crush 57 | . . . . . . 1 . 6 1 . . . . 1 22 . 1 3 8 . . . . . . . . . 11 . . . 3 . Escape Stasis 26 | . . . . . . . . 4 . . . . . . 2 . . 3 6 . . . . . . . . . . . . . 11 . Rewire 16 | . . . . . . . . . . . . . . . . . . . . . . . 5 1 . . . 2 . 7 . . 1 . Trap . | . . . . . . . . . . . . . . . . . . . . . . . . . . . . . . . . . . . Miscellaneous . | . . . . . . . . . . . . . . . . . . . . . . . . . . . . . . . . . . . Route ------- -11/Scrapyard -10/Materials (discovered 4 exits: *Mat x2 / *Min x2) -10/Mines (discovered 2 exits: *Mat x2) -9/Materials -9/Mines -9/Exiles (discovered 2 exits: *Min x2) -8/Mines -8/Materials (discovered 2 exits: Fac / *Sto) -8/Storage -7/Factory (discovered 2 exits: *Low x2) -7/Lower Caves -7/Lower Caves -7/Zion -6/Proximity Caves -6/Factory (discovered 4 exits: *Low x2 / *Ext x2) -6/Extension (discovered 2 exits: *Fac / *Cet) -6/Cetus -6/Archives (discovered 3 exits: *Fac / *Hub x2) -6/Hub_04(d) (discovered 2 exits: *Fac x2) -5/Factory (discovered 2 exits: *Upp x2) -5/Upper Caves -5/Upper Caves -5/Zhirov -4/Proximity Caves -4/Factory (discovered 2 exits: *Upp x2) -4/Upper Caves -4/Upper Caves -4/Warlord -3/Proximity Caves -3/Research (discovered 3 exits: *Arm / Tes x2) -3/Armory -3/Lab -2/Research -2/Quarantine (discovered 2 exits: *Acc / *Sec) -2/Section 7 (discovered 1 exit: *Acc) History --------- Turn | Location | Event 1 | -11/Scrapyard | Identified exit to Materials 1 | -11/Scrapyard | Discovered exit to Materials (range 2) 10 | -11/Scrapyard | Entered Materials 10 | -10/Materials | Evolved 1 slot: Utility x1 280 | -10/Materials | Identified exit to Materials 280 | -10/Materials | Discovered exit to Materials (range 3) 300 | -10/Materials | Build established: Hacker-Mutant 366 | -10/Materials | Identified exit to Mines 565 | -10/Materials | Discovered exit to Materials (range 10) 804 | -10/Materials | Entered Mines 820 | -10/Mines | Met a Derelict bent on vengeance 831 | -10/Mines | Assembled infested the area 836 | -10/Mines | Assisted by a Guerilla fighting off Assembled 1180 | -10/Mines | Entered Materials 1180 | -9/Materials | Evolved 2 slots: Propulsion x2 1457 | -9/Materials | Identified exit to Mines 1457 | -9/Materials | Discovered exit to Mines (range 6) 1465 | -9/Materials | Entered Mines 1646 | -9/Mines | Learned 8 Materials zone layouts 1661 | -9/Mines | Received a Rocket Launcher from a helpful Derelict 1702 | -9/Mines | Deemed a non-threat by the Exiles lab entrance 1704 | -9/Mines | Identified exit to Exiles 1704 | -9/Mines | Discovered exit to Exiles (range 5) 1710 | -9/Mines | Entered Exiles 1736 | -9/Exiles | Identified exit to Mines 1736 | -9/Exiles | Discovered exit to Mines (range 15) 1754 | -9/Exiles | Met 8R-AWN 1776 | -9/Exiles | Met EX-HEX 1863 | -9/Exiles | Met EX-DEC 1892 | -9/Exiles | Learned location of Zion (-7) 2155 | -9/Exiles | Discovered exit to Mines (range 11) 2187 | -9/Exiles | Entered Mines 2247 | -8/Mines | Build established: Hauler-Mutant 2731 | -8/Mines | Identified exit to Materials 2731 | -8/Mines | Discovered exit to Materials (range 8) 2756 | -8/Mines | Entered Materials 2756 | -8/Materials | Evolved 2 slots: Propulsion x2 2757 | -8/Materials | Identified exit to Factory 3209 | -8/Materials | Identified exit to Storage 3209 | -8/Materials | Discovered exit to Storage (range 7) 3322 | -8/Materials | Entered Storage 3918 | -8/Storage | Repaired Hrd. Light Armor Plating 4118 | -8/Storage | Assisted by bots powering up and referring to "LRC-V3" 4319 | -8/Storage | Entered Factory 4319 | -7/Factory | Accompanied by 9 allies 4319 | -7/Factory | Evolved 2 slots: Utility x2 4421 | -7/Factory | Build established: Commander-Mutant 4455 | -7/Factory | Identified exit to Lower Caves 4612 | -7/Factory | Fabricated Hvy. Shock Bomb Launcher (x1) 4655 | -7/Factory | Fabricated Imp. Weapon Cycler (x2) 4731 | -7/Factory | Local fabrication network quarantined 4905 | -7/Factory | Build established: Hacker-Mutant 5021 | -7/Factory | Entered Lower Caves 5021 | -7/Lower Caves | Accompanied by 6 allies 5062 | -7/Lower Caves | Ambushed by wild Derelicts 5601 | -7/Lower Caves | Identified exit to Lower Caves 5601 | -7/Lower Caves | Discovered exit to Lower Caves (range 3) 5609 | -7/Lower Caves | Entered another Lower Caves area 5609 | -7/Lower Caves | Accompanied by 1 ally 6122 | -7/Lower Caves | Spotted B-75 Beast 6133 | -7/Lower Caves | Destroyed B-75 Beast 6265 | -7/Lower Caves | Identified exit to Zion 6265 | -7/Lower Caves | Discovered exit to Zion (range 15) 6309 | -7/Lower Caves | Entered Zion 6309 | -7/Zion | Accompanied by 1 ally 6361 | -7/Zion | Given A8's code to call for help 6566 | -7/Zion | Learned 12 Factory zone layouts 7081 | -7/Zion | Learned location of Quarantine (-2) 7301 | -7/Zion | Learned Factory garrison access intel 7812 | -7/Zion | Identified exit to Proximity Caves 7812 | -7/Zion | Discovered exit to Proximity Caves (range 13) 7845 | -7/Zion | Entered Proximity Caves 7845 | -6/Proximity Caves | Accompanied by 1 ally 8323 | -6/Proximity Caves | Spotted B-75 Beast 8410 | -6/Proximity Caves | Destroyed B-75 Beast 8834 | -6/Proximity Caves | Identified exit to Factory 8834 | -6/Proximity Caves | Discovered exit to Factory (range 11) 8860 | -6/Proximity Caves | Entered Factory 8860 | -6/Factory | Evolved 2 slots: Utility x2 8861 | -6/Factory | Identified exit to Extension 8861 | -6/Factory | Identified exit to Lower Caves 8862 | -6/Factory | Loaded intel: 3 garrison access locations 9635 | -6/Factory | Build established: Wizard-Mutant 10099 | -6/Factory | Entered Extension 10273 | -6/Extension | Rescued a captive Derelict 10274 | -6/Extension | Rescued a captive Derelict 10463 | -6/Extension | Rescued a captive Derelict 10463 | -6/Extension | Rescued a captive Derelict 10535 | -6/Extension | Identified exit to Cetus 11121 | -6/Extension | Destroyed B-75 Beast 11124 | -6/Extension | Disrupted transfer network 11139 | -6/Extension | Spotted B-75 Beast 11276 | -6/Extension | Lost 13 parts (1p5n4u3w) 11475 | -6/Extension | Build established: Hacker-Mutant 11702 | -6/Extension | Rescued a captive Derelict 12072 | -6/Extension | Rescued A7 12352 | -6/Extension | Identified exit to Factory 12352 | -6/Extension | Discovered exit to Factory (range 16) 12442 | -6/Extension | Entered Cetus 12442 | -6/Cetus | Accompanied by 1 ally (A7) 12447 | -6/Cetus | Acquired a Cetus Manufacturing Module code from A7 12476 | -6/Cetus | Spotted Cetus Guard 12476 | -6/Cetus | Spotted Cetus Guard 12478 | -6/Cetus | Spotted Cetus Guard 12484 | -6/Cetus | Destroyed Cetus Guard 12486 | -6/Cetus | Spotted Cetus Guard 12490 | -6/Cetus | Allies destroyed Cetus Guard 12498 | -6/Cetus | Allies destroyed Cetus Guard 12507 | -6/Cetus | Allies destroyed Cetus Guard 12567 | -6/Cetus | System corruption reached 10% 12700 | -6/Cetus | Escorted A7 to Cetus Mainframe 12725 | -6/Cetus | Started Cetus Manufacturing Module 12750 | -6/Cetus | Manufactured an Enhanced Grunt 12763 | -6/Cetus | Identified exit to Archives 12763 | -6/Cetus | Discovered exit to Archives (range 16) 12775 | -6/Cetus | Manufactured an Enhanced Grunt 12800 | -6/Cetus | Manufactured an Enhanced Grunt 12825 | -6/Cetus | Manufactured an Enhanced Grunt 12833 | -6/Cetus | Build established: Scavenger-Mutant 12850 | -6/Cetus | Manufactured an Enhanced Grunt 12899 | -6/Cetus | Entered Archives 12899 | -6/Archives | Accompanied by 6 allies (A7) 12904 | -6/Archives | Received a hacking code to weaken MAIN.C 16015 | -6/Archives | System corruption reached 30% 23542 | -6/Archives | Discovered exit to Factory (range 16) 23858 | -6/Archives | Identified exit to Hub_04(d) 23858 | -6/Archives | Discovered exit to Hub_04(d) (range 16) 26629 | -6/Archives | Discovered exit to Hub_04(d) (range 15) 26833 | -6/Archives | Entered Hub_04(d) 26833 | -6/Hub_04(d) | Accompanied by 4 allies 26866 | -6/Hub_04(d) | Garrison activated, responded to threat 26918 | -6/Hub_04(d) | Spotted B-75 Beast 26975 | -6/Hub_04(d) | Enhanced Grunt warped into view, answering call for help 26977 | -6/Hub_04(d) | Enhanced Grunt warped into view, answering call for help 27095 | -6/Hub_04(d) | Discovered exit to Factory (range 16) 27356 | -6/Hub_04(d) | Garrison activated, responded to threat 27394 | -6/Hub_04(d) | Build established: Hacker-Mutant 27400 | -6/Hub_04(d) | Destroyed B-75 Beast 27443 | -6/Hub_04(d) | Network Hub disabled 27454 | -6/Hub_04(d) | Spotted Lightning 27457 | -6/Hub_04(d) | Spotted Lightning 27458 | -6/Hub_04(d) | Spotted Lightning 27459 | -6/Hub_04(d) | Spotted Lightning 27475 | -6/Hub_04(d) | Destroyed Lightning 27487 | -6/Hub_04(d) | Destroyed Lightning 27497 | -6/Hub_04(d) | Destroyed Lightning 27507 | -6/Hub_04(d) | Destroyed Lightning 27554 | -6/Hub_04(d) | Found Prototype Energy Cannon 27570 | -6/Hub_04(d) | Found Prototype Energy Cannon 27572 | -6/Hub_04(d) | Spotted Lightning 27574 | -6/Hub_04(d) | Destroyed Lightning 27575 | -6/Hub_04(d) | Spotted Lightning 27595 | -6/Hub_04(d) | Destroyed Lightning 27627 | -6/Hub_04(d) | Found Prototype Processor 27628 | -6/Hub_04(d) | Identified Exp. Targeting Computer 27643 | -6/Hub_04(d) | Discovered exit to Factory (range 11) 27711 | -6/Hub_04(d) | Network Hub disabled 27763 | -6/Hub_04(d) | Build established: Scavenger-Mutant 27883 | -6/Hub_04(d) | First assault squad dispatched 28002 | -6/Hub_04(d) | Entered Factory 28002 | -5/Factory | Evolved 2 slots: Power x1, Utility x1 28296 | -5/Factory | Identified exit to Upper Caves 29017 | -5/Factory | Fabricated Adv. Hacking Suite (x1) 29127 | -5/Factory | Fabricated Adv. Hacking Suite (x1) 29237 | -5/Factory | Fabricated Adv. Hacking Suite (x1) 29321 | -5/Factory | Build established: Hacker-Mutant 29577 | -5/Factory | Lost 3 parts (1n2u) 29630 | -5/Factory | Lost 3 parts (2n1u) 29813 | -5/Factory | Fabricated Adv. Hacking Suite (x1) 29857 | -5/Factory | Build established: Hauler-Mutant 30212 | -5/Factory | Repaired Centrium Heavy Treads 30385 | -5/Factory | Build established: Hacker-Skirmisher 30758 | -5/Factory | Fabricated Adv. Hacking Suite (x1) 30861 | -5/Factory | Garrison activated, responded to threat 30895 | -5/Factory | Entered Upper Caves 31064 | -5/Upper Caves | Build established: Wizard-Mutant 31173 | -5/Upper Caves | Attracted the attention of an 0b10 checkpoint 31262 | -5/Upper Caves | Identified exit to Upper Caves 31262 | -5/Upper Caves | Discovered exit to Upper Caves (range 14) 31319 | -5/Upper Caves | Entered another Upper Caves area 31369 | -5/Upper Caves | Learned Factory terminal intel 31928 | -5/Upper Caves | Identified exit to Zhirov 31928 | -5/Upper Caves | Discovered exit to Zhirov (range 15) 31962 | -5/Upper Caves | Entered Zhirov 31962 | -5/Zhirov | Identified exit to Proximity Caves 31962 | -5/Zhirov | Discovered exit to Proximity Caves (range 3) 32009 | -5/Zhirov | Met Zhirov 32066 | -5/Zhirov | Learned location of Testing (-3) 32066 | -5/Zhirov | Learned location of Command (-1) 32079 | -5/Zhirov | Zhirov requested help retrieving the SGEMP Prototype 32119 | -5/Zhirov | Found Alien Artifact 32119 | -5/Zhirov | Identified Integrated Dissipator 32119 | -5/Zhirov | Installed Integrated Dissipator, increased core heat dissipation (+20) 32158 | -5/Zhirov | Found Alien Artifact 32329 | -5/Zhirov | Entered Proximity Caves 32331 | -4/Proximity Caves | Attracted the attention of an 0b10 checkpoint 32713 | -4/Proximity Caves | Learned Research emergency access door positions 33004 | -4/Proximity Caves | Attracted the attention of an 0b10 outpost 33053 | -4/Proximity Caves | Destroyed 7 combat bots 33375 | -4/Proximity Caves | Build established: Hauler-Mutant 33536 | -4/Proximity Caves | System corruption reached 10% 33623 | -4/Proximity Caves | Identified exit to Factory 33623 | -4/Proximity Caves | Discovered exit to Factory (range 8) 33660 | -4/Proximity Caves | Entered Factory 33660 | -4/Factory | Accompanied by 1 ally 33660 | -4/Factory | Evolved 2 slots: Weapon x2 33661 | -4/Factory | Loaded intel: 20 terminal locations 33898 | -4/Factory | Repaired Centrium Medium Armor Plating 34007 | -4/Factory | Repaired Centrium Heavy Treads 34113 | -4/Factory | Repaired Imp. KE Penetrator 34173 | -4/Factory | Repaired Mic. Fission Core 34224 | -4/Factory | Repaired Hvy. Flak Cannon? 34348 | -4/Factory | Spotted B-86 Titan 34462 | -4/Factory | Build established: Scavenger-Tank 34526 | -4/Factory | Identified EMDS (x2) 34610 | -4/Factory | Identified exit to Upper Caves 34828 | -4/Factory | Build established: Scavenger-Mutant 34940 | -4/Factory | Cargo convoy interrupted 34969 | -4/Factory | Found Prototype Launcher 34969 | -4/Factory | Identified Hellfire Missile Launcher 34970 | -4/Factory | System corruption reached 10% 34972 | -4/Factory | Found Hellfire Missile Launcher 35006 | -4/Factory | Found Prototype Launcher 35006 | -4/Factory | Identified Adv. Micro-nuke Launcher 35010 | -4/Factory | Destroyed 17 combat bots 35095 | -4/Factory | Destroyed B-86 Titan 35160 | -4/Factory | First assault squad dispatched 35160 | -4/Factory | Entered Upper Caves 35204 | -4/Upper Caves | Identified exit to Upper Caves 35295 | -4/Upper Caves | Build established: Hacker-Mutant 35771 | -4/Upper Caves | Learned Research terminal intel 35834 | -4/Upper Caves | Entered another Upper Caves area 35968 | -4/Upper Caves | Encountered a Warlord checkpoint 36095 | -4/Upper Caves | Identified exit to Warlord 36095 | -4/Upper Caves | Discovered exit to Warlord (range 13) 36114 | -4/Upper Caves | Entered Warlord 36518 | -4/Warlord | Met Warlord 36543 | -4/Warlord | Warlord's base attacked by MAIN.C 36738 | -4/Warlord | Opened side exit 36770 | -4/Warlord | Identified exit to Proximity Caves 36770 | -4/Warlord | Discovered exit to Proximity Caves (range 9) 36783 | -4/Warlord | Entered Proximity Caves 37060 | -3/Proximity Caves | Spotted B-86 Titan 37538 | -3/Proximity Caves | Attracted the attention of an 0b10 outpost 37570 | -3/Proximity Caves | Destroyed 7 combat bots 37788 | -3/Proximity Caves | Destroyed B-86 Titan 37900 | -3/Proximity Caves | Attracted the attention of an 0b10 checkpoint 37929 | -3/Proximity Caves | Identified exit to Research 37929 | -3/Proximity Caves | Discovered exit to Research (range 9) 37972 | -3/Proximity Caves | Entered Research 37972 | -3/Research | Accompanied by 1 ally 37972 | -3/Research | Evolved 2 slots: Power x1, Utility x1 37974 | -3/Research | Loaded intel: 18 terminal locations 38038 | -3/Research | Identified exit to Armory 38038 | -3/Research | Identified exit to Testing 38250 | -3/Research | Destroyed 8 combat bots 38437 | -3/Research | Repaired Centrium Heavy Treads 38492 | -3/Research | Repaired Centrium Medium Armor Plating 38519 | -3/Research | Repaired Hvy. Flak Cannon 38548 | -3/Research | Repaired KE Penetrator 38784 | -3/Research | Garrison activated, responded to threat 38797 | -3/Research | Found Hellfire Missile Launcher 38799 | -3/Research | Found Hellfire Missile Launcher 38805 | -3/Research | Found Prototype Device 38805 | -3/Research | Identified EM Dispersion Field 38912 | -3/Research | Destroyed 8 combat bots 38921 | -3/Research | Spotted B-86 Titan 39116 | -3/Research | Destroyed B-86 Titan 39208 | -3/Research | Fabricated Lyr. Heavy Armor Plating (x1) 39260 | -3/Research | Fabricated Launcher Loader (x2) 39368 | -3/Research | Fabricated Exp. Optical Array (x1) 39972 | -3/Research | First assault squad dispatched 40073 | -3/Research | Build established: Hacker-Tank 40355 | -3/Research | Spotted Executioner 40356 | -3/Research | Spotted Striker 40357 | -3/Research | Cargo convoy interrupted 40382 | -3/Research | Destroyed Striker 40387 | -3/Research | System corruption reached 10% 40403 | -3/Research | Destroyed 17 combat bots 40421 | -3/Research | Destroyed Executioner 40537 | -3/Research | Lost 13 parts (3p3n4u3w) 40538 | -3/Research | Core integrity fell below 50% 40640 | -3/Research | Entered Armory 40663 | -3/Armory | Build established: Hacker-Mutant 41023 | -3/Armory | Build established: Generator-Mutant 41275 | -3/Armory | Identified Transdimensional Reconstructor 41275 | -3/Armory | Warped through subspace to slip node 41275 | -3/Armory | Identified exit to Lab 41275 | -3/Armory | Discovered exit to Lab (range 1) 41350 | -3/Armory | Entered Lab 41350 | -3/Lab | Accompanied by 2 allies 41350 | -3/Lab | Identified exit to Research 41350 | -3/Lab | Discovered exit to Research (range 9) 41372 | -3/Lab | Unable to decrypt terminal 41372 | -3/Lab | Opened the door to a hidden lab 41373 | -3/Lab | Gained access to the hidden lab's interior 41377 | -3/Lab | Detected by scanners 41383 | -3/Lab | Confronted by A5 41459 | -3/Lab | Destroyed A5 41486 | -3/Lab | Found Prototype Hackware 41537 | -3/Lab | Found Alien Artifact 41537 | -3/Lab | Identified Integrated Reactor 41537 | -3/Lab | Installed Integrated Reactor, increased core energy generation (+10) 41552 | -3/Lab | Found Alien Artifact 41552 | -3/Lab | Identified Core Regenerator 41552 | -3/Lab | Used Core Regenerator, restored core integrity (+325) 41576 | -3/Lab | Found Transdimensional Reconstructor 41614 | -3/Lab | Found Prototype Energy Gun 41614 | -3/Lab | Identified Tachyon Dispersion Ray 41619 | -3/Lab | Found Prototype Energy Gun 41619 | -3/Lab | Identified Hyp. EM Gauss Rifle 41630 | -3/Lab | Found Prototype Protection 41630 | -3/Lab | Identified Exp. Powered Armor 41642 | -3/Lab | Found Prototype Hackware 41827 | -3/Lab | Entered Research 41827 | -2/Research | Warlord forces began assault on 0b10 41827 | -2/Research | Evolved 2 slots: Utility x2 41849 | -2/Research | Identified Exp. Hacking Suite 41850 | -2/Research | Identified Deep Network Scanner 41937 | -2/Research | Research machine network offline 42246 | -2/Research | Borebot progress halted 42266 | -2/Research | Spotted B-90 Cyclops 42300 | -2/Research | Borebot progress halted 42320 | -2/Research | Build established: Wizard-Tank 42328 | -2/Research | Borebot progress halted 42443 | -2/Research | Spotted B-90 Cyclops 42515 | -2/Research | Identified exit to Quarantine 42515 | -2/Research | Discovered exit to Quarantine (range 11) 42531 | -2/Research | Entered Quarantine 42804 | -2/Quarantine | Found Alien Artifact 42804 | -2/Quarantine | Identified Phase Redirector 42968 | -2/Quarantine | Scanned by Researcher 43147 | -2/Quarantine | Intercept squad dispatched 43149 | -2/Quarantine | Spotted Tracker 43149 | -2/Quarantine | Spotted Tracker 43155 | -2/Quarantine | Spotted Combat Programmer 43157 | -2/Quarantine | Spotted Combat Programmer 43162 | -2/Quarantine | Destroyed Tracker 43176 | -2/Quarantine | Destroyed Tracker 43182 | -2/Quarantine | Destroyed Combat Programmer 43192 | -2/Quarantine | Destroyed Combat Programmer 43197 | -2/Quarantine | System corruption reached 10% 43199 | -2/Quarantine | Found Prototype Device 43199 | -2/Quarantine | Identified Exp. Phase Shifter 43200 | -2/Quarantine | Lost 4 parts (1p2u1w) 43208 | -2/Quarantine | Identified exit to Access 43208 | -2/Quarantine | Discovered exit to Access (range 22) 43270 | -2/Quarantine | Found Alien Slashing Weapon 43296 | -2/Quarantine | Found Alien Artifact 43359 | -2/Quarantine | Found Launcher Loader 43484 | -2/Quarantine | Found Alien Artifact 43484 | -2/Quarantine | Identified Phase Armor 43583 | -2/Quarantine | Core integrity fell below 50% 43606 | -2/Quarantine | Identified Sigix Broadsword 43622 | -2/Quarantine | Core integrity fell below 20% 43631 | -2/Quarantine | Found Corrupted Prototype Slashing Weapon 43631 | -2/Quarantine | Identified Centrium Greatsword 43661 | -2/Quarantine | Lost 5 parts (2u3w) 43662 | -2/Quarantine | Found Prototype Slashing Weapon 43662 | -2/Quarantine | Identified Vibroblade 43665 | -2/Quarantine | Found Vibroblade 43671 | -2/Quarantine | Found Corrupted Centrium Greatsword 43897 | -2/Quarantine | Spotted Fortress 43990 | -2/Quarantine | Destroyed Fortress 44000 | -2/Quarantine | Found Exp. Force Field 44005 | -2/Quarantine | Lost 8 parts (3n3u2w) 44020 | -2/Quarantine | Found Prototype Reactor 44020 | -2/Quarantine | Identified Vortex Chain Reactor 44044 | -2/Quarantine | Found Vortex Chain Reactor 44046 | -2/Quarantine | Found Prototype Device 44166 | -2/Quarantine | Identified exit to Section 7 44166 | -2/Quarantine | Discovered exit to Section 7 (range 5) 44172 | -2/Quarantine | Entered Section 7 44206 | -2/Section 7 | Identified Thermal Barrier 44306 | -2/Section 7 | Build established: Scavenger-Mutant 44816 | -2/Section 7 | Intercept squad dispatched 44817 | -2/Section 7 | Spotted Tracker 44817 | -2/Section 7 | Spotted Tracker 44821 | -2/Section 7 | Spotted Combat Programmer 44822 | -2/Section 7 | Spotted Combat Programmer 44838 | -2/Section 7 | Destroyed Tracker 44845 | -2/Section 7 | System corruption reached 30% 44852 | -2/Section 7 | Destroyed Tracker 44914 | -2/Section 7 | Destroyed by P-80 Master with Gamma Rifle Last Messages --------------- 44874_ Destroyed Exp. Focal Shield. 44875_ Exp. Powered Armor destroyed. 44875_ Enh. Nova Cannon destroyed. 44877_ Penetrated by EMDS Slug. 44881_ Ended siege mode. 44883_ Penetrated by EMDS Slug. 44885_ EMDS Slug penetrates Wall. 44885_ Penetrated by EMDS Slug. 44885_ Acquired 25 matter. 44888_ Penetrated by EMDS Slug. 44889_ System corrupted: Component data lost. 44890_ Penetrated by EMDS Slug. 44893_ Nanoactuators destroyed. 44893_ Penetrated by EMDS Slug. 44898_ Exp. Core Shielding destroyed. 44901_ Penetrated by EMDS Slug. 44902_ EMDS Slug penetrates Wall. 44904_ System corrupted: Heat flow error (+117). 44904_ P-80 Master resets P-80 Master, system corruption cleaned. 44909_ Penetrated by EMDS Slug. Map ----- +----------------------------------------------------+ | ?????????????????????????????????????????????????? | | ?????????????????????????????????????????????????? | | ?????????????????????????????????????????????????? | | ?????????????????????????????????????????????????? | | ?????????????????????????????????????????????????? | | ?????????????????????????????????????????????????? | | ?????????????????????????????????????????????????? | | ?????????????????????????????????????????????????? | | ?????????????????????????????????????????????????? | | ?????????????????????????????????????????????????? | | ???????######????????????????????????????????????? | | ######## #????????????????????????????????????? | | #????????????????????????????????????? | | ######## #????????????????????????????????????? | | #????# #?????????????c??????????????????????? | | #????# [#????????????????????????????????????? | | ##???# !%%# ???????????????????????????????????? | | #???# !########?????????????????????????????? | | #????# #?#####??#####????????????????? | | #????# # #????????????????? | | #????# # ! #????????????????? | | "??????# " #????????????????? | | ???????######## # #????????????????? | | ??????????????# #?? / #????????????????? | | ??????????????# ##############????????????????? | | ??????????????# p @ #???????????????????? | | #?????????????# p < #???????????????????? | | ??????????????# pp #???????????????????? | | ??????????????# #???????????????????? | | ??????????????###########+####???????????????????? | | ?????????????????????????????????????????????????? | | ?????????????????????????????????????????????????? | | ?????????????????????????????????????????????????? | | ??????????????????????c??????????????????????????? | | ?????????????????????????????????????????????????? | | ?????????????????????????????????????????????????? | | ?????????????????????????????????????????????????? | | ?????????????????????????????????????????????????? | | ?????????????????????????????????????????????????? | | | | | | | | | | | | | | | | | | | | | | | +----------------------------------------------------+ Best States ------------- Heat Dissipation 126 Coolant Potential 120 Energy Generation 81 Energy Capacity 770 Matter Stores 700 Matter Capacity 700 Sight Range 23 Robot Scan Range 18 Terrain Scan Range 16 Terrain Scan Density 10 Power Amplification 30 Additional Mass Support 12 EM Shielding 4 Armor Coverage 1200 Resistance: KI 35 Resistance: TH 85 Resistance: EX 35 Resistance: EM 35 Resistance: I 35 Resistance: S 35 Resistance: P 35 Core Shielding 40 Weapon Cycling 20 Melee Speed Boost 30 Phase Shifting 20 Evasion (%) 60 Targeting Accuracy 12 Recoil Reduction 6 Energy Filtering 50 Salvage Targeting 4 Offensive Hacking 62 Defensive Hacking 14 Item Schematics ----------------- Huge Storage Unit | -10/Materials | Hacked Hacking Suite | -8/Storage | Hacked Imp. Weapon Cycler | -7/Factory | Hacked Launcher Loader | -7/Factory | Hacked Imp. Hacking Suite | -6/Factory | Hacked Fission Core | -6/Factory | Hacked Adv. Hacking Suite | -6/Extension | Hacked Imp. Heavy Treads | -6/Extension | Hacked Lyr. Heavy Armor Plating | -5/Factory | Hacked Assault Drone Bay | -5/Zhirov | Free Exp. Heat Sink | -5/Zhirov | Free Exp. Optical Array | -5/Zhirov | Free Imp. Arc Thrower | -5/Zhirov | Free Lrn. Sensor Array | -3/Research | Hacked Biometal Heavy Treads | -3/Armory | Hacked Robot Schematics ------------------ None Fabricated ------------ Hvy. Shock Bomb Launcher | x1 | -7/Factory | Preloaded Imp. Weapon Cycler | x2 | -7/Factory Adv. Hacking Suite | x1 | -5/Factory Adv. Hacking Suite | x1 | -5/Factory Adv. Hacking Suite | x1 | -5/Factory Adv. Hacking Suite | x1 | -5/Factory Adv. Hacking Suite | x1 | -5/Factory Lyr. Heavy Armor Plating | x1 | -3/Research Launcher Loader | x2 | -3/Research Exp. Optical Array | x1 | -3/Research Alien Tech Used ----------------- Integrated Dissipator Transdimensional Reconstructor Integrated Reactor Core Regenerator Phase Redirector Phase Armor Sigix Broadsword Achievements -------------- None Challenges ------------ None Game ------ Seed BlastCloakMatrix Manual? 0 Play Time 03:40:56 Cumulative 373.1 hours Start 2021.06.04 @ 06:07:19 End 2021.06.05 @ 07:00:32 Sessions 15 Manual Loads 0 Difficulty Explorer Special Mode None Game No. 358 Rogue 146 Adventurer 112 Explorer 100 Win Type - Total 25 Types 18/0/5/2/0/0/0/0/0 Lore% 84 Gallery% 90 Achievement% 74 Wizard Run 0 Options --------- ASCII 0 Keyboard 0 Movement Numpad Keybinds 0 Fullscreen 2 Font 18/TerminusBold Map View 76x50 Tactical HUD 1 Map Filters NONE Filters NONE Steam 1 RUN: 8d49c710-f188-453e-aad7-87531f71b70e